 Dungeon Crawl Stone Soup version 0.30-a0-629-gd54f4be4f7 (webtiles) character file.

Game seed: 3184062961551397018

1261109 browni3141 the Honourless (level 27, -2/296 (298) HPs)
             Began as a Naga Venom Mage on Jan 12, 2023.
             Was a High Priest of the Shining One (penitent).
             Killed by divine providence
             ... invoked by a royal mummy
              (13 damage)
             ... on level 3 of the Tomb of the Ancients on Jan 13, 2023.
             The game lasted 06:15:55 (120418 turns).

browni3141 the Honourless (Naga Venom Mage)       Turns: 120418, Time: 06:15:55

HP:   -2/296 (298)  AC: 69    Str: 20 (25) XL:     27
MP:   33/40         EV:  5    Int: 14 (21) God:    the Shining One [*****.]
Gold: 10500         SH: 30    Dex: 12 (18) Spells: 6/42 levels left

rFire   + . .      SeeInvis +    L - +8 eveningstar (holy)
rCold   + + .      Faith    .    E - +6 tower shield
rNeg    + + .      Spirit   .    x - +8 gold dragon scales
rPois   +          Reflect  .    O - +2 helmet {SInv}
rElec   +          Harm     .    W - scarf {rC+ rF+}
rCorr   .          Rampage  .    j - +1 pair of gloves "Modiu" {Fly}
Will    +++++                    X - +6 lightning scales {swift, rElec} Stlth
                                 p - amulet of regeneration
HPRegen 1.49/turn                s - ring of the Tortoise {AC+8}
MPRegen 0.27/turn                F - ring "Kunluoli" {+Blink rF- Will++ Str+4 Dex+6 Stlth+}

@: lethally poisoned (-2 -> -5), flying, studying 3 skills, lightly drained,
slow
A: AC +9, large, see invisible, deformed body, poison resistance, slowness 2,
spit poison 2, naga tail 2, iridescent scales 1, deterioration 2, strong 1
}: 14/15 runes: decaying, slimy, silver, iron, obsidian, icy, bone, abyssal,
demonic, glowing, magical, fiery, dark, gossamer
a: Breathe Poison Gas, Renounce Religion, Evoke Blink


You were on level 3 of the Tomb of the Ancients.
You worshipped the Shining One.
The Shining One was demanding penance.
You visited 18 branches of the dungeon, and saw 87 of its levels.
You visited Pandemonium 2 times, and saw 11 of its levels.
You visited the Abyss 3 times.
You also visited: Gauntlet, Ice Cave and Wizlab.

You collected 15757 gold pieces.
You spent 5257 gold pieces at shops.

Inventory:

Hand Weapons
 L - a +8 eveningstar of holy wrath (weapon)
Missiles
 h - 26 atropa-tipped darts
 q - 8 curare-tipped darts
 M - 7 throwing nets
Armour
 j - the +1 pair of gloves "Modiu" (worn) {Fly}
   (You found it on level 5 of the Vaults)

   Fly:       It grants you flight.
 x - +8 gold dragon scales (worn)
 E - a +6 tower shield (worn)
 O - a +2 helmet of see invisible (worn)
 W - a scarf of resistance (worn)
 X - the +6 lightning scales (worn) {swift, rElec}
   (You bought it in a shop on level 11 of the Dungeon)

   It allows the wearer to cover ground more swiftly.
   rElec:     It insulates you from electricity.
Jewellery
 k - a ring of protection from fire
 p - an amulet of regeneration (around neck)
 s - the ring of the Tortoise (left hand) {AC+8}
   (You found it on level 2 of the Depths)

   [ring of protection]

   AC:        It affects your AC (+8).
 w - a ring of wizardry
 y - the ring of the Evening {rN+ Dex+3 Slay+4}
   (You acquired it on level 2 of the Vaults)

   [ring of slaying]

   Dex:       It affects your dexterity (+3).
   Slay:      It affects your accuracy & damage with ranged weapons and melee
   (+4).
   rN:        It protects you from negative energy.
 F - the ring "Kunluoli" (right hand) {+Blink rF- Will++ Str+4 Dex+6 Stlth+}
   (You found it on level 7 of the Iron City of Dis)

   [ring of dexterity]

   Str:       It affects your strength (+4).
   Dex:       It affects your dexterity (+6).
   rF:        It makes you vulnerable to fire.
   +Blink:    It lets you blink.
   Will:      It greatly increases your willpower.
   Stlth:     It makes you more stealthy.
 G - an amulet of magic regeneration
 K - the ring of Veiluhie {rElec Will+ rCorr Str+6}
   (You found it on level 3 of the Realm of Zot)

   [ring of resist corrosion]

   Str:       It affects your strength (+6).
   rElec:     It insulates you from electricity.
   rCorr:     It protects you from acid and corrosion.
   Will:      It increases your willpower.
 Y - a ring of ice
Wands
 a - a wand of charming (63)
 g - a wand of quicksilver (37)
 D - a wand of digging (10)
 H - a wand of iceblast (64)
Scrolls
 d - 14 scrolls of fear
 f - 8 scrolls of vulnerability
 i - 16 scrolls of teleportation
 l - 6 scrolls of magic mapping
 m - 10 scrolls of immolation
 u - 7 scrolls of amnesia
 B - 14 scrolls of poison
 J - 2 scrolls of silence
 S - 13 scrolls of fog
Potions
 b - 8 potions of magic
 e - 2 potions of resistance
 r - 4 potions of lignification
 t - 8 potions of ambrosia
 v - 4 potions of berserk rage
 z - 5 potions of might
 A - 4 potions of attraction
 I - 11 potions of flight
 Q - 16 potions of brilliance
 Z - 15 potions of curing
Miscellaneous
 c - a tin of tremorstones (2/2)
 o - a condenser vane (inert)
 P - a phantom mirror
 T - a box of beasts
 U - a phial of floods
 V - a lightning rod (4/4)


   Skills:
 O Level 27 Fighting
 - Level 4.0 Short Blades
 O Level 27 Maces & Flails
 * Level 25.9 Armour
 - Level 12.0 Dodging
 - Level 12.0 Stealth
 O Level 27 Shields
 - Level 8.0 Spellcasting
 - Level 2.0 Conjurations
 - Level 8.0 Hexes
 - Level 15.0 Translocations
 - Level 1.0 Transmutations
 - Level 3.0 Air Magic
 - Level 10.0 Poison Magic
 O Level 27 Invocations
 - Level 8.0 Evocations


You had 6 spell levels left.
You knew the following spells:

 Your Spells              Type           Power      Damage    Failure   Level
a - Sting                 Tmut/Pois      84%        1d7       17%         1
b - Poisonous Vapours     Pois/Air       46%        N/A       17%         2
c - Confusing Touch       Hex            28%        N/A       19%         3
d - Mephitic Cloud        Conj/Pois/Air  19%        N/A       52%         3
e - Olgreb's Toxic Radia  Pois           33%        N/A       26%         4
f - Slow                  Hex            100%       N/A       6%          1
g - Passage of Golubria   Tloc           47%        N/A       3%          4
h - Lesser Beckoning      Tloc           94%        N/A       1%          3
i - Blink                 Tloc           94%        N/A       1%          2
j - Apportation           Tloc           94%        N/A       1%          1
k - Momentum Strike       Conj/Tloc      58%        3d9       8%          2
l - Gell's Gravitas       Tloc           47%        N/A       1%          3
m - Teleport Other        Tloc           47%        N/A       1%          3
n - Manifold Assault      Tloc           47%        N/A       3%          4

Your spell library contained the following spells:

 Spells                   Type           Power      Damage    Failure   Level
 Portal Projectile        Hex/Tloc       74%        N/A       4%          3
 Vhi's Electric Charge    Tloc/Air       60%        N/A       12%         3
 Tukima's Dance           Hex            28%        N/A       19%         3
 Cigotuvi's Dreadful Rot  Necr/Pois/Air  34%        N/A       38%         2
 Kindle Blastsparks       Fire/Tloc/Air  44%        2d13      38%         3
 Ensorcelled Hibernation  Hex/Ice        32%        N/A       43%         2
 Iskenderun's Mystic Bla  Conj/Tloc      29%        2d7       43%         4
 Spider Form              Tmut/Pois      21%        N/A       45%         3
 Shock                    Conj/Air       48%        1d6       50%         1
 Dazzling Flash           Conj/Hex       38%        N/A       52%         3
 Cause Fear               Hex            14%        N/A       52%         4
 Magic Dart               Conj           44%        1d5       56%         1
 Static Discharge         Conj/Air       24%        2-3/arc   65%         2
 Inner Flame              Hex/Fire       16%        N/A       67%         3
 Summon Guardian Golem    Hex/Summ       16%        N/A       67%         3
 Beastly Appendage        Tmut           16%        N/A       71%         1
 Foxfire                  Conj/Fire      32%        2x1d5     71%         1
 Kiss of Death            Conj/Necr      32%        2d7       71%         1
 Searing Ray              Conj           22%        2d5       71%         2
 Ignite Poison            Fire/Tmut/Pois 15%        N/A       71%         3
 Swiftness                Air            14%        N/A       80%         3
 Freeze                   Ice            20%        1d4       85%         1
 Summon Small Mammal      Summ           20%        N/A       85%         1
 Wereblood                Tmut           8%         N/A       85%         2
 Fulminant Prism          Conj/Hex       9%         3d7       90%         4
 Summon Forest            Summ/Tloc      13%        N/A       90%         5
 Call Imp                 Summ           5%         N/A       94%         2
 Scorch                   Fire           10%        2d5       94%         2
 Hailstorm                Conj/Ice       8%         3d4       97%         3
 Anguish                  Hex/Necr       8%         N/A       97%         4
 Leda's Liquefaction      Hex/Erth       8%         N/A       97%         4
 Call Canine Familiar     Summ           5%         N/A       99%         3
 Frozen Ramparts          Ice            10%        1d2       99%         3
 Ozocubu's Armour         Ice            5%         N/A       99%         3
 Vampiric Draining        Necr           5%         2d6       99%         3
 Airstrike                Air            7%         2d(1-17)  99%         4
 Alistair's Intoxication  Tmut/Pois      14%        N/A       99%         5
 Silence                  Hex/Air        10%        N/A       99%         5
 Animate Armour           Summ/Erth      10%        N/A       100%        4
 Dispel Undead            Necr           5%         3d7       100%        4
 Flame Wave               Conj/Fire      8%         2d5       100%        4
 Ice Form                 Ice/Tmut       7%         N/A       100%        4
 Petrify                  Tmut/Erth      7%         N/A       100%        4
 Summon Lightning Spire   Summ/Air       9%         N/A       100%        4
 Agony                    Necr           5%         N/A       100%        5
 Arcjolt                  Conj/Air       6%         1d16      100%        5
 Blade Hands              Tmut           4%         N/A       100%        5
 Fireball                 Conj/Fire      4%         3d4       100%        5
 Freezing Cloud           Conj/Ice/Air   5%         6-21      100%        5
 Irradiate                Conj/Tmut      4%         3d13      100%        5
 Iskenderun's Battlesphe  Conj           11%        2d7       100%        5
 Lee's Rapid Deconstruct  Erth           2%         3d5*      100%        5
 Lightning Bolt           Conj/Air       6%         1d18      100%        5
 Metabolic Englaciation   Hex/Ice        8%         N/A       100%        5
 Summon Mana Viper        Hex/Summ       16%        N/A       100%        5
 Yara's Violent Unravell  Hex/Tmut       9%         3d6       100%        5
 Conjure Ball Lightning   Conj/Air       6%         3x3d6     100%        6
 Eringya's Noxious Bog    Tmut/Pois      10%        N/A       100%        6
 Iron Shot                Conj/Erth      4%         9d2       100%        6
 Simulacrum               Ice/Necr       2%         N/A       100%        6
 Starburst                Conj/Fire      4%         6d3       100%        6
 Statue Form              Tmut/Erth      4%         N/A       100%        6
 Summon Cactus Giant      Summ           2%         N/A       100%        6
 Dragon Form              Tmut           4%         N/A       100%        7
 Enfeeble                 Hex            14%        N/A       100%        7
 Ozocubu's Refrigeration  Ice            2%         4d8       100%        7
 Spellforged Servitor     Conj/Summ      4%         N/A       100%        7
 Storm Form               Tmut/Air       5%         N/A       100%        7
 Discord                  Hex            14%        N/A       100%        8
 Disjunction              Tloc           23%        N/A       100%        8
 Lehudib's Crystal Spear  Conj/Erth      4%         10d3      100%        8
 Maxwell's Capacitive Co  Air            7%         ∞         100%        8
 Chain Lightning          Conj/Air       6%         3d8       100%        9
 Dragon's Call            Summ           2%         N/A       100%        9
 Fire Storm               Conj/Fire      4%         8d1       100%        9
 Polar Vortex             Ice            2%         N/A       100%        9
 Shatter                  Erth           2%         3d6*      100%        9


Dungeon Overview and Level Annotations

Branches:
Dungeon (15/15)            Temple (1/1) D:7            Lair (5/5) D:10
  Swamp (4/4) Lair:3       Spider (4/4) Lair:3        Slime (5/5) Lair:5
    Orc (2/2) D:11            Elf (3/3) Orc:2        Vaults (5/5) D:14
  Crypt (3/3) Vaults:2       Tomb (3/3) Crypt:3      Depths (4/4) D:15
   Hell (visited)             Dis (7/7) Hell            Geh (7/7) Hell
    Coc (7/7) Hell            Tar (7/7) Hell            Zot (5/5) Depths:4
  IceCv (visited)          WizLab (visited)         Gauntlet (visited)

Altars:
Ashenzari
Cheibriados
Dithmenos
Elyvilon
Fedhas
Gozag
Hepliaklqana
Kikubaaqudgha
Makhleb
Nemelex Xobeh
Okawaru
Qazlal
Ru
Sif Muna
Trog
Uskayaw
Vehumet
Wu Jian
Xom
Yredelemnul
Zin
The Shining One
Jiyva

Shops:
D:4 :   D:10 *   D:11 *[[?(   Orc:2 !:*?(   Elf:1 *   Elf:3 :(   Vaults:2 ?
Vaults:3 :   Vaults:4 !   Vaults:5 [   Depths:3 (

Portals:
Hell: Depths:1 Depths:2 Depths:3 Depths:4
Abyss: Depths:3
Pandemonium: Depths:2
Ziggurat: Depths:3

Annotations:
Tomb:3 Boris
Depths:1 1 runed translucent door
Coc:7 Antaeus
Zot:5 1 exclusion


Innate Abilities, Weirdness & Mutations

Your serpentine skin is tough. (AC +9)
You have supernaturally acute eyesight. (SInv)
Armour fits poorly on your strangely shaped body.
Your system is resistant to poisons. (rPois)
You cover ground very slowly.
You can exhale a cloud of poison.
You can use your snake-like lower body to constrict enemies.
You are partially covered in iridescent scales. (AC +2)
Your body often deteriorates upon taking damage.
Your muscles are strong. (Str +4, Int/Dex -1)


Message History

You block Boris's attack.
The ushabti shakes and rattles.
The vile air hits the ushabti.
The vile air hits the death scarab.
The vile air hits the royal mummy.
The vile air hits the ancient champion.
The vile air hits you but does no damage.
The ushabti shakes and rattles.
The vile air hits the royal mummy but does no damage.
The vile air hits the mummy. x2
The vile air hits the ushabti but does no damage.
The vile air hits the ancient champion but does no damage.
The vile air hits you but does no damage.
Unknown command.
Blink to where?
Press: ? - help, Dir - move target
Found 321 gold pieces, a potion of haste and a potion of lignification.
As you read the scroll of blinking, it crumbles to dust.
You feel very sick.
The royal mummy is engulfed in blazing flames.
The royal mummy calls on the powers of darkness!
Your body is wracked with pain!
* * * LOW HITPOINT WARNING * * *
The emperor scorpion convulses!
The royal mummy is engulfed in blazing flames.
Boris is engulfed in blazing flames.
The ushabti shakes and rattles.
The vile air hits you.
* * * LOW HITPOINT WARNING * * *
The ushabti shakes and rattles deafeningly! x2
The ushabti is engulfed in blazing flames.
The ushabti shakes and rattles deafeningly! x2
The mummy priest mumbles some strange prayers to its god.
The emperor scorpion is engulfed in blazing flames.
You hear a faint skittering sound.
The death scarab attacks as you move away!
You block the death scarab's attack.
You feel very sick. You block the death scarab's attack.
The royal mummy points at you and mumbles some strange words.
Something smites you!
You die...

*#!$$$#* #M.M§B.# *#^..$|
**$$$$$.#*#^ZsMz°#*#.^.$$|
**,!$$$...*#nMM9ML#*....$$=
**,,$$$$...##z9WM9B##....$$$
**,$$$$$:...^#..M39B#...(...[
**,$$$$$?$....#.9M.99#.......$
**,,(()$$$$....☼☼.MMMZ9........
*,,,$$$$$....☼B#......#..s.....
*,,,[$$$$..§§.@#......#..$.....
*,,,$$|$..☼...##M9....##.......
*,,,$$.....?$.##......##MB.....
*,,,.......$.#*........##M.B...
**,,.......<##,.........*#<.B..
*,,.......##,,,,,,,,,,,,##B...
**,$.....#*,,,,,,,,,,,,,,*#...
**#....#*,,,,,,,,,,,,,,,,*#..
##+##*,,,,,,,,,,,,,,,,,,*##


You could see a royal mummy, an emperor scorpion (summoned), an ancient
champion, a mummy priest, 2 ushabtiu, a death scarab (summoned), a shadow
(summoned, invisible) and a mummy (inner flame).

Vanquished Creatures
  Cerebov (Pan)
  the Royal Jelly (Slime:5)
  Gloorx Vloq (Pan)
  Ignacio (Pan)
  Lom Lobon (Pan)
  2 dread liches
  Mnoleg (Pan)
  An orb of fire (Zot:4)
  Mennas (Depths:4)
  The ghost of Wysooluir the Slayer, a veteran OgBe of Trog (Zot:3)
  32 royal mummies
  5 pandemonium lords (Pan)
  Boris (Vaults:5)
  Bai Suzhen (Depths:2)
  2 Killer Klowns (Zot:4)
  4 shard shrikes (Coc:7)
  Frederick (Vaults:2)
  Xtahua (Depths:3)
  30 caustic shrikes
  3 curse toes (Zot:3)
  Geryon (Hell)
  8 profane servitors
  12 golden dragons
  the Enchantress (Depths:4)
  11 Brimstone Fiends
  10 bone dragons
  4 electric golems (Zot:2)
  4 doom hounds
  15 Tzitzimimeh
  15 hellephants
  8 iron giants
  A walking earthen tome (Depths:3)
  25 Hell Sentinels
  11 liches
  A shard shrike skeleton (Crypt:3)
  Grunn (Crypt:3)
  Jorgrun (D:14)
  22 tentacled monstrosities
  20 Ice Fiends
  14 tainted leviathans
  5 Orb Guardians (Zot:5)
  6 quicksilver dragons
  3 deep elf master archers (Elf:3)
  17 titans
  A walking frostbound tome (Depths:2)
  26 searing wretches
  Gastronok (Orc:1)
  25 ancient champions
  11 sphinxes
  2 deep elf blademasters
  7 tentacled starspawn (Abyss:4)
  28 Executioners
  The ghost of Venk the Fighter, an adept DjFE of Gozag (D:14)
  6 death cobs
  19 acid blobs
  9 shadow dragons
  A thorn hunter (Swamp:3)
  4 draconian monks
  8 storm dragons
  4 demonspawn warmongers (Pan)
  9 tengu reavers
  A fenstrider witch (shapeshifter) (Elf:3)
  3 daevas (Depths:3)
  A fenstrider witch (Swamp:3)
  The ghost of Liuch the Stormcaller, an adept OpAE of Gozag (Elf:3)
  4 revenants
  9 rockslimes
  13 azure jellies
  12 frost giants
  12 quicksilver elementals
  4 emperor scorpions
  10 narguns
  2 draconian knights (Zot:4)
  11 draconian scorchers
  The ghost of acebull12 the Fighter, a journeyman DsFi of Okawaru (D:12)
  22 fire giants
  39 balrugs
  4 ghost moths
  An angel (Depths:3)
  Aizul (Swamp:1)
  4 deep elf sorcerers
  15 vault wardens
  12 ghouls
  A spectral juggernaut (Tar:4)
  7 shard shrike simulacra
  A caustic shrike zombie (WizLab)
  4 draconian stormcallers
  A ghost moth (shapeshifter) (Vaults:3)
  6 iron dragons
  20 cacodemons
  22 ironbound preservers
  3 demonspawn blood saints (Pan)
  2 demonspawn corrupters (Pan)
  3 deep elf elementalists (Elf:3)
  8 reapers
  2 curse skulls (Pan)
  2 orc warlords (Vaults:3)
  19 quicksilver oozes
  5 draconian annihilators
  6 spriggan defenders
  37 very ugly things
  3 juggernaut skeletons
  4 caustic shrike skeletons
  18 war gargoyles
  14 stone giants
  9 deep elf demonologists
  6 vampire knights
  6 lorocyprocas (Pan)
  3 broodmothers
  27 elemental wellsprings
  11 black draconians
  7 green draconians
  10 ironbound thunderhulks
  The ghost of Nezimene the Cleaver, a journeyman FoFi of Okawaru (D:14)
  A spark wasp (shapeshifter) (Elf:3)
  7 demonspawn black suns (Pan)
  3 eleionomae
  11 wendigos
  10 deep elf annihilators
  5 halazid warlocks (WizLab)
  6 white draconians
  15 dire elephants
  21 spark wasps
  2 bunyips
  19 purple draconians
  5 red draconians
  14 putrid mouths
  11 deep elf death magi
  7 yellow draconians
  2 bennus
  A merfolk javelineer (Depths:3)
  19 blizzard demons
  10 eidola
  10 green deaths
  15 ettins
  13 iron golems
  26 mummy priests
  7 entropy weavers
  3 spectral quicksilver dragons
  10 fire dragons
  15 jiangshi
  A shambling mangrove (Swamp:4)
  14 yaktaur captains
  11 great orbs of eyes
  5 deep elf high priests
  2 entropy weavers (shapeshifter)
  The ghost of wormed the Transmogrifier, a journeyman OpTm of Gozag (D:10)
  A fenstrider witch zombie (Crypt:1)
  2 quicksilver dragon zombies
  16 hydras
  10 rakshasas
  A quicksilver dragon skeleton (Crypt:3)
  12 caustic shrike simulacra
  33 vault guards
  An ogre mage (Vaults:5)
  5 spriggan air magi
  A boulder beetle (shapeshifter) (Vaults:4)
  2 peacekeepers
  6 spriggan skeletons
  2 ghost crabs (Swamp:3)
  8 ironbound frosthearts
  17 centaur warriors
  10 ice dragons
  A salamander tyrant (Geh:1)
  9 boulder beetles
  3 jorogumos
  A catoblepas (Lair:5)
  5 juggernaut simulacra
  7 alligators
  4 radroaches
  A fenstrider witch skeleton (Abyss:1)
  2 death knights
  33 death scarabs
  23 dancing weapons
  16 death yaks
  8 stokers
  14 deep troll earth magi
  A two-headed ogre (shapeshifter) (Elf:3)
  4 tengu warriors
  11 deep troll shamans
  8 vampire magi
  6 orc high priests
  10 thrashing horrors (Abyss:4)
  3 spectral dire elephants
  5 spriggan berserkers
  28 hell hogs
  A titan zombie (Crypt:2)
  Sonja (Lair:5)
  9 crystal echidnas
  2 spectral spark wasps (WizLab)
  2 shock serpents (shapeshifter)
  58 sun demons
  19 shadow wraiths
  27 soul eaters
  2 sun moths
  9 deep elf knights
  6 pharaoh ants
  9 wretched stars
  3 hell knights (Depths:3)
  31 sixfirhies
  2 spark wasp zombies (WizLab)
  19 iron trolls
  A fire crab (shapeshifter) (Vaults:5)
  66 skeletal warriors
  A storm dragon skeleton (Crypt:3)
  2 titan skeletons
  A spatial maelstrom (Abyss:4)
  A sea snake (shapeshifter) (Depths:2)
  3 goliath frogs
  An anaconda zombie (Hell)
  9 glowing orange brains
  A quicksilver dragon simulacrum (Coc:5)
  4 deep elf archers
  65 deep trolls
  A deep troll (shapeshifter) (Depths:3)
  7 orb spiders
  2 bunyip skeletons
  A spectral anaconda (Tar:3)
  6 flayed ghosts
  10 swamp dragons
  An obsidian statue (IceCv)
  2 shadow demons (Pan)
  5 lindwurms
  An orange crystal statue (D:14)
  8 spriggan druids
  4 spriggan simulacra
  5 bog bodies
  19 wizards
  The ghost of DeadOnArrival the Fighter, a novice GnWn of Ashenzari (D:6)
  A harpy (shapeshifter) (D:10)
  A spectral wolf spider (WizLab)
  13 orc knights
  19 phantasmal warriors
  Pikel (D:8)
  5 steelbarb worms
  5 harpies (Vaults:2)
  25 wolf spiders
  A spectral iron dragon (Tar:1)
  44 starcursed masses
  6 anaconda skeletons
  22 deep elf pyromancers
  19 deep elf zephyrmancers
  22 ironbound convokers
  13 necromancers
  An orc sorcerer (Vaults:5)
  7 shining eyes
  A shadow dragon skeleton (Pan)
  7 cyclopes
  3 oklob plants (Lair:5)
  2 sphinx skeletons
  40 ugly things
  A stone giant zombie (Crypt:1)
  4 worldbinders (Abyss:4)
  A wolf spider (shapeshifter) (Elf:3)
  A frost giant zombie (D:15)
  A faun (shapeshifter) (Elf:3)
  An iron dragon skeleton (Crypt:3)
  3 tengu skeletons
  5 will-o-the-wisps
  3 manticores
  24 moths of wrath
  A dire elephant zombie (Crypt:1)
  4 spectral spriggans
  4 centaur zombies
  A spectral alligator snapping turtle (Tar:3)
  A fire giant skeleton (Vaults:2)
  A spectral centaur (Tar:1)
  7 ice statues
  6 titan simulacra
  5 black mambas
  A gargoyle (D:12)
  9 demonic crawlers
  A rust devil (Depths:2)
  16 elephants
  6 stone giant skeletons
  13 cane toads
  11 apocalypse crabs
  3 molten gargoyles (Hell)
  4 torpor snails
  2 eyes of devastation (Slime:5)
  52 smoke demons
  A frost giant skeleton (Depths:3)
  17 vault sentinels
  6 unseen horrors
  3 centaur skeletons
  A dire elephant skeleton (Pan)
  2 yaktaurs (shapeshifter)
  21 freezing wraiths
  A red draconian zombie (Crypt:2)
  21 yaktaurs
  8 hellions
  29 orange demons
  3 sea snake zombies (Hell)
  13 komodo dragons
  Maggie (D:6)
  A rime drake (shapeshifter) (Elf:3)
  7 rime drakes
  11 tormentors
  A hydra zombie (Crypt:3)
  A kobold demonologist (D:13)
  A white draconian skeleton (Crypt:1)
  2 alligator snapping turtle skeletons
  6 efreet
  5 tengu conjurers
  39 guardian mummies
  A pale draconian skeleton (Crypt:3)
  4 ancient zymes
  10 ice devils
  3 silent spectres
  A death yak skeleton (Crypt:2)
  3 red devils (Pan)
  3 trolls
  7 anaconda simulacra
  A minotaur skeleton (Crypt:3)
  A spectral harpy (Tar:1)
  2 harpy zombies
  An iron giant simulacrum (Coc:6)
  A sea snake skeleton (Hell)
  2 polar bears
  7 tyrant leeches
  83 large abominations
  A culicivora zombie (Crypt:1)
  28 hellwings
  22 raiju
  29 tarantellas
  A troll (shapeshifter) (Elf:3)
  A wolf spider simulacrum (D:14)
  A hydra skeleton (Hell)
  22 hornets
  2 iron dragon simulacra
  A raiju (shapeshifter) (D:15)
  3 spriggan zombies
  A wind drake (shapeshifter) (Depths:3)
  9 dream sheep
  4 harpy skeletons
  An alligator zombie (Crypt:1)
  Grinder (D:6)
  13 blink frogs
  3 stone giant simulacra
  A dream sheep (shapeshifter) (Depths:2)
  129 slime creatures
  2 ettin zombies
  A fire dragon zombie (Crypt:1)
  41 flying skulls
  A centaur simulacrum (Coc:2)
  2 ettin skeletons
  2 air elementals
  21 jumping spiders
  An alligator skeleton (Hell)
  12 spriggans
  20 culicivoras
  18 ushabtiu
  A shadow (D:10)
  5 wraiths
  7 dire elephant simulacra
  3 fire elementals
  5 wyverns
  A vampire (D:12)
  25 ynoxinuls
  3 basilisks
  A fire bat (shapeshifter) (Vaults:5)
  4 naga simulacra
  9 water elementals
  2 fire bats (Abyss:3)
  13 golden eyes
  A sea snake simulacrum (Hell)
  14 chaos spawn
  37 yaks
  18 humans (D:14)
  2 black mamba skeletons
  2 steam dragons
  7 vampire mosquitoes
  2 minotaur simulacra (IceCv)
  Edmund (D:5)
  25 neqoxecs
  75 redbacks
  15 harpy simulacra
  A human simulacrum (Vaults:4)
  3 wargs
  5 spatial vortices (Abyss:4)
  A two-headed ogre zombie (Tomb:1)
  2 hydra simulacra
  A glowing shapeshifter zombie (Vaults:4)
  13 swamp worms
  Duvessa (D:5)
  2 acid dragons (D:13)
  3 floating eyes
  25 small abominations
  A glowing shapeshifter skeleton (D:15)
  An entropy weaver zombie (Crypt:3)
  4 hell hounds (Hell)
  13 water moccasins
  6 naga skeletons
  47 orc warriors
  8 swamp drakes
  A lindwurm zombie (Crypt:2)
  An elephant zombie (Crypt:2)
  An ice beast (D:7)
  An alligator simulacrum (IceCv)
  4 black bears
  2 sky beasts
  A swamp dragon zombie (Crypt:1)
  2 ettin simulacra
  A dream sheep zombie (Crypt:1)
  A boggart (Elf:1)
  6 centaurs
  7 wolves (Lair:5)
  6 ogres
  A lemure (D:8)
  A wolf (shapeshifter) (Vaults:5)
  6 human skeletons (Vaults:2)
  A phantom (D:4)
  2 kobold brigands
  7 necrophages
  14 bullfrogs
  5 earth elementals
  3 gnoll sergeants (D:8)
  5 scorpions
  2 deep troll simulacra (IceCv)
  10 wights
  A queen bee zombie (Crypt:3)
  Dowan (D:5)
  A lindwurm simulacrum (IceCv)
  5 killer bees (D:11)
  A yak skeleton (Crypt:2)
  5 electric eels
  2 howler monkeys (D:12)
  A quasit (Abyss:4)
  2 hounds (D:6)
  An iron imp (Abyss:3)
  2 gnoll boudas
  33 orc priests
  Crazy Yiuf (D:3)
  Terence (D:2)
  A scorpion zombie (Crypt:2)
  12 orc wizards
  Ijyb (D:5)
  An iguana (D:5)
  An ice beast zombie (Crypt:3)
  A hound skeleton (Crypt:2)
  48 mummies
  Robin (D:4)
  24 gnolls
  14 adders
  2 shadow imps
  3 white imps
  2 ufetubi
  An adder zombie (Crypt:3)
  3 worms
  2 dart slugs
  76 orcs
  4 ball pythons
  3 bats
  8 endoplasms
  4 giant cockroaches
  13 hobgoblins
  2 jackals (D:4)
  5 quokkas
  A river rat zombie (Crypt:3)
  2 frilled lizards
  A frilled lizard (shapeshifter) (Elf:3)
  18 goblins
  A goblin skeleton (Crypt:3)
  A hobgoblin zombie (Crypt:2)
  16 kobolds
  7 rats
  A river rat skeleton (Crypt:1)
  2 creeping infernos
  25 fire vortices
  5 starspawn tentacles (Abyss:4)
4029 creatures vanquished.

Vanquished Creatures (collateral kills)
  Asmodeus (Geh:7)
  Ereshkigal (Tar:7)
  the Serpent of Hell (Geh:7)
  Dispater (Dis:7)
  An ancient lich (Tar:7)
  Mara (Elf:3)
  Parghit (Depths:4)
  2 Killer Klowns (Zot:4)
  A caustic shrike (Dis:7)
  2 profane servitors (Tar:7)
  A bone dragon (Depths:4)
  An electric golem (Zot:2)
  Arachne (Spider:3)
  A doom hound (Tar:7)
  3 iron giants (Dis:7)
  2 tentacled monstrosities
  4 tainted leviathans (Tar:7)
  A lich (IceCv)
  4 Hell Sentinels (Dis:7)
  2 quicksilver dragons (Zot:4)
  A deep elf master archer (Elf:3)
  2 deep elf blademasters (Elf:3)
  An ancient champion (Dis:7)
  Frances (Swamp:2)
  2 demonspawn warmongers (Pan)
  A draconian monk (Zot:4)
  A shadow dragon (Depths:4)
  A fenstrider witch (Swamp:2)
  A draconian knight (Zot:2)
  A fire giant (Depths:3)
  A balrug (Geh:7)
  3 deep elf sorcerers (Elf:3)
  3 emperor scorpions
  A quicksilver elemental (Dis:7)
  A deep elf elementalist (Elf:3)
  2 ghost moths (Spider:4)
  7 cacodemons (Pan)
  An orc warlord (Orc:2)
  A draconian stormcaller (Zot:2)
  2 war gargoyles (Dis:7)
  An eleionoma (Swamp:2)
  A deep elf demonologist (Elf:3)
  2 reapers
  2 very ugly things (Pan)
  2 broodmothers
  4 bennus (Tomb:2)
  A lorocyproca (Pan)
  4 purple draconians
  2 white draconians (Zot:2)
  An elemental wellspring (Coc:7)
  A bunyip (Swamp:3)
  A deep elf annihilator (Elf:3)
  A green draconian (Zot:2)
  3 iron golems
  A dire elephant (Vaults:3)
  A green death (Pan)
  A deep elf death mage (Elf:3)
  An ettin (Depths:3)
  2 blizzard demons (Pan)
  2 shambling mangroves (Swamp:4)
  A deep elf high priest (Elf:3)
  An entropy weaver (Spider:4)
  6 hydras
  2 hell beasts (Pan)
  4 ice dragons
  A radroach (Spider:2)
  A ghost crab (Swamp:2)
  A rakshasa (Depths:3)
  A juggernaut simulacrum (Coc:7)
  A jorogumo (Spider:4)
  A caustic shrike simulacrum (Coc:7)
  3 dancing weapons
  An alligator (Swamp:2)
  A boulder beetle (Spider:4)
  2 death scarabs (Tomb:2)
  2 large abominations (Pan)
  A spriggan berserker (Depths:4)
  2 deep elf knights (Elf:3)
  A crystal echidna (Dis:7)
  2 sixfirhies (Pan)
  A sun demon (Pan)
  6 shadow wraiths (Tar:7)
  4 pharaoh ants
  3 skeletal warriors (D:12)
  2 goliath frogs
  A soul eater (Pan)
  A deep troll (Depths:3)
  A goliath frog (shapeshifter) (Depths:3)
  4 orb spiders
  A spectral iron dragon (Tar:7)
  A spriggan druid (Swamp:3)
  3 swamp dragons (Swamp:4)
  3 lindwurms (Vaults:1)
  A deep elf archer (Elf:3)
  A bog body (IceCv)
  3 steelbarb worms
  2 deep elf pyromancers (Elf:3)
  A steelbarb worm (shapeshifter) (Elf:3)
  A necromancer (IceCv)
  5 wolf spiders
  A deep elf zephyrmancer (Elf:3)
  An ugly thing (Pan)
  5 moths of wrath
  3 will-o-the-wisps
  2 salamanders (shapeshifter)
  3 vault sentinels (Vaults:3)
  3 demonic crawlers
  5 orange demons (Pan)
  2 torpor snails
  A hellion (Dis:7)
  4 smoke demons (Pan)
  9 freezing wraiths (IceCv)
  A guardian mummy (Tomb:2)
  An ice devil (Pan)
  2 anaconda simulacra (IceCv)
  3 hellwings (Pan)
  A troll (Orc:1)
  7 hornets
  A tarantella (shapeshifter) (Depths:3)
  5 jumping spiders
  5 culicivoras
  4 spriggans
  4 dire elephant simulacra
  2 ynoxinuls (Pan)
  An ushabti (Tomb:2)
  A water elemental (Elf:3)
  A chaos spawn (Pan)
  10 redbacks
  7 neqoxecs (Pan)
  A harpy simulacrum (IceCv)
  7 swamp worms
  A hydra simulacrum (IceCv)
  5 swamp drakes
  An alligator simulacrum (IceCv)
  An ettin simulacrum (IceCv)
  A lindwurm simulacrum (IceCv)
  An orc priest (Orc:2)
  2 creeping infernos
  4 fire vortices
299 creatures vanquished.

Vanquished Creatures (others)
  A Brimstone Fiend (Pan)
  A blizzard demon (Pan)
  A caustic shrike simulacrum (Coc:7)
  A soul eater (Pan)
  2 spriggan simulacra
  A quicksilver dragon simulacrum (Coc:7)
  3 bloated husks
  A flying skull (WizLab)
  A water elemental (Hell)
  2 dire elephant simulacra
  A neqoxec (Pan)
  2 redbacks (Spider:4)
  An orc warrior (Orc:2)
  2 wights (Abyss:1)
  A mummy (Tomb:2)
  3 creeping infernos
  A fire vortex (Geh:4)
  18 foxfires
  33 fungi
  81 plants
  24 starspawn tentacles (Abyss:4)
  A withered plant (D:15)
182 creatures vanquished.

Grand Total: 4510 creatures vanquished

Notes
Turn   | Place    | Note
-------+----------+-------------------------------------------
     0 | D:1      | browni3141 the Naga Venom Mage began the quest for the Orb.
     0 | D:1      | Reached XP level 1. HP: 15/15 MP: 3/3
   322 | D:1      | Reached XP level 2. HP: 22/22 MP: 0/5
   325 | D:1      | Learned a level 2 spell: Poisonous Vapours
   740 | D:1      | You fall into a shaft and drop 1 floor!
   799 | D:1      | Reached skill level 5 in Poison Magic
   808 | D:1      | Reached XP level 3. HP: 19/28 MP: 0/6
  1493 | D:1      | Learned a level 3 spell: Confusing Touch
  1785 | D:2      | Found a faded altar of an unknown god.
  1895 | D:2      | Identified the +1 robe "Xuad" {Str+3 Slay+2 Stlth-}
  1983 | D:2      | Noticed Terence
  1993 | D:2      | Killed Terence
  1994 | D:2      | Reached skill level 1 in Hexes
  1994 | D:2      | Reached XP level 4. HP: 14/36 MP: 6/8
  2679 | D:3      | Reached XP level 5. HP: 12/42 MP: 6/9
  3324 | D:3      | Found a runed translucent door.
  3325 | D:3      | Noticed Crazy Yiuf
  3502 | D:3      | Found a bloodstained altar of Trog.
  3512 | D:3      | Reached skill level 5 in Stealth
  3523 | D:3      | Reached skill level 1 in Shields
  3594 | D:3      | Found a shimmering blue altar of Sif Muna.
  3598 | D:3      | Got Sif Muna's Opusculum on Hypothermia
  3837 | D:3      | Found a faded altar of an unknown god.
  3839 | D:3      | Found a hazy altar of Hepliaklqana.
  3938 | D:3      | Learned a level 3 spell: Mephitic Cloud
  4153 | D:3      | Killed Crazy Yiuf
  4154 | D:3      | Reached XP level 6. HP: 49/49 MP: 6/10
  4383 | D:4      | Found a burning altar of Makhleb.
  4384 | D:4      | Found a blossoming altar of Fedhas.
  4516 | D:4      | Noticed Robin
  4530 | D:4      | Killed Robin
  4651 | D:4      | Found Qoic Xuf's Book Emporium.
  4790 | D:4      | Reached skill level 1 in Fighting
  4790 | D:4      | Reached skill level 1 in Conjurations
  4790 | D:4      | Reached skill level 1 in Air Magic
  4790 | D:4      | Reached XP level 7. HP: 51/57 MP: 5/11
  4878 | D:4      | Found a glowing golden altar of the Shining One.
  5176 | D:4      | Became a worshipper of the Shining One
  5189 | D:5      | Entered Level 5 of the Dungeon
  5192 | D:5      | Noticed Edmund
  5342 | D:5      | Killed Edmund
  5441 | D:4      | Reached skill level 1 in Invocations
  5720 | D:5      | Noticed Duvessa
  5723 | D:5      | Noticed Dowan
  5749 | D:5      | Killed Duvessa
  5758 | D:5      | Killed Dowan
  5795 | D:5      | Reached XP level 8. HP: 53/67 MP: 6/13
  6182 | D:5      | Noticed Ijyb
  6196 | D:5      | Reached skill level 1 in Short Blades
  6212 | D:5      | Killed Ijyb
  6586 | D:5      | Found a white marble altar of Elyvilon.
  6660 | D:4      | Found a stormy altar of Qazlal.
  6713 | D:6      | Noticed Maggie
  6761 | D:6      | Killed Maggie
  6767 | D:6      | Learned a level 4 spell: Olgreb's Toxic Radiance
  6870 | D:6      | Noticed a slime creature
  6878 | D:6      | Identified the ring of the Burgomaster {Str+4 SInv}
  6894 | D:6      | Noticed Grinder
  6901 | D:6      | Killed Grinder
  6965 | D:6      | Reached skill level 1 in Evocations
  6965 | D:6      | Reached XP level 9. HP: 55/73 MP: 12/15
  6989 | D:6      | Reached * piety under the Shining One
  7059 | D:6      | Identified the +4 flail of a bazaar {flame, rN+ Will+
                  | Dex+4}
  7183 | D:6      | Reached skill level 1 in Maces & Flails
  7335 | D:6      | Found a transporter.
  7335 | D:6      | Noticed DeadOnArrival's ghost (novice GnWn)
  7339 | D:6      | Found a transporter.
  7812 | D:7      | Found a staircase to the Ecumenical Temple.
  7831 | Temple   | Entered the Ecumenical Temple
  8303 | D:7      | Reached skill level 5 in Maces & Flails
  8843 | D:8      | Noticed a boulder beetle
  8854 | D:8      | Killed a boulder beetle
  8855 | D:8      | Reached skill level 5 in Shields
  8855 | D:8      | Reached XP level 10. HP: 80/80 MP: 7/16
  9000 | D:8      | Noticed Pikel
  9010 | D:8      | Reached ** piety under the Shining One
  9011 | D:8      | Killed Pikel
  9919 | D:9      | Reached skill level 5 in Spellcasting
 10012 | D:9      | Found an ancient bone altar of Kikubaaqudgha.
 10240 | D:9      | Reached XP level 11. HP: 64/86 MP: 6/19
 10788 | D:9      | Reached *** piety under the Shining One
 10946 | D:10     | Entered Level 10 of the Dungeon
 10946 | D:10     | Found Odyb's General Store.
 10997 | D:10     | Found a staircase to the Lair.
 11019 | D:10     | Found a glowing silver altar of Zin.
 11062 | D:10     | Found a runed translucent door.
 11063 | D:10     | Noticed a frost giant
 11064 | D:10     | Noticed wormed's ghost (journeyman OpTm)
 11520 | D:10     | Noticed a six-headed hydra
 11884 | D:11     | Noticed a cyclops
 11884 | D:11     | Found Fuos's Armour Emporium.
 11898 | D:11     | Killed a cyclops
 12036 | D:11     | Noticed a cyclops
 12060 | D:11     | Killed a cyclops
 12061 | D:11     | Reached skill level 10 in Maces & Flails
 12216 | D:11     | Found a hide-covered altar of Uskayaw.
 12275 | D:11     | Found Qodis's Weapon Shop.
 12307 | D:11     | Reached XP level 12. HP: 70/99 MP: 21/21
 12496 | D:11     | Found a staircase to the Orcish Mines.
 12561 | D:11     | Found Girghyfa's Magic Scroll Emporium.
 12575 | D:11     | Bought a scroll of enchant armour for 90 gold pieces
 12575 | D:11     | Bought a scroll of identify for 24 gold pieces
 12575 | D:11     | Bought a scroll of identify for 24 gold pieces
 12575 | D:11     | Bought a scroll of identify for 24 gold pieces
 12582 | D:11     | Found Birurom's Antique Armour Shoppe.
 12711 | D:11     | Found Bagup's General Store.
 12719 | D:11     | Bought a +2 helmet of see invisible for 301 gold pieces
 13030 | Orc:1    | Entered Level 1 of the Orcish Mines
 13030 | Orc:1    | Noticed an orc high priest
 13053 | Orc:1    | Killed an orc high priest
 13225 | Orc:2    | Entered Level 2 of the Orcish Mines
 13237 | Orc:2    | Reached **** piety under the Shining One
 13243 | Orc:2    | Found a gate leading to a gauntlet.
 13268 | Orc:2    | Found a staircase to the Elven Halls.
 13278 | Gauntlet | Entered a Gauntlet
 13278 | Gauntlet | Found a transporter.
 13285 | Gauntlet | Found a transporter.
 13289 | Gauntlet | Found a transporter.
 13290 | Gauntlet | Found a transporter.
 13300 | Gauntlet | Found a transporter.
 13301 | Gauntlet | Found a transporter.
 13306 | Gauntlet | Found a transporter.
 13308 | Gauntlet | Noticed a thrashing horror
 13308 | Gauntlet | Noticed a thrashing horror
 13311 | Gauntlet | Found a transporter.
 13315 | Gauntlet | Found a transporter.
 13320 | Gauntlet | Found a transporter.
 13320 | Gauntlet | Noticed a thrashing horror
 13323 | Gauntlet | Noticed a thrashing horror
 13326 | Gauntlet | Found a transporter.
 13329 | Gauntlet | Found a transporter.
 13333 | Gauntlet | Found a runed translucent door.
 13335 | Gauntlet | Found a runed translucent door.
 13336 | Gauntlet | Found a transporter.
 13344 | Gauntlet | Found a transporter.
 13592 | Orc:2    | Reached ***** piety under the Shining One
 13864 | Orc:2    | Noticed an orc high priest
 13873 | Orc:2    | Killed an orc high priest
 13941 | Orc:2    | Noticed an orc warlord
 13964 | Orc:2    | Killed an orc warlord
 14048 | Orc:2    | Found Akianen's Distillery.
 14267 | Orc:1    | Found Igion's Antique Armour Boutique.
 14278 | Orc:1    | Noticed Gastronok
 14416 | Orc:1    | Killed Gastronok
 14647 | Orc:2    | Gained mutation: You can use your snake-like lower body to
                  | constrict enemies. [Naga growth]
 14647 | Orc:2    | Reached XP level 13. HP: 105/105 MP: 22/22
 14829 | Orc:2    | Reached skill level 10 in Invocations
 14989 | Orc:2    | Found Unukheos's Book Emporium.
 14992 | Orc:2    | Found Ajosasamm's Magic Scroll Shoppe.
 14993 | Orc:2    | Found Wiosael's Antique Weapon Emporium.
 14994 | Orc:2    | Found Ykly's Assorted Antiques.
 15862 | D:12     | Reached skill level 5 in Fighting
 16034 | D:12     | Found a runed translucent gate.
 16034 | D:12     | Found a runed translucent gate.
 16034 | D:12     | Found a runed translucent gate.
 16035 | D:12     | Noticed acebull12's ghost (journeyman DsFi)
 16274 | D:12     | Found a sacrificial altar of Ru.
 17316 | D:6      | Killed DeadOnArrival's ghost
 17325 | D:6      | Identified the ring "Eklet" {rC+ Str+4 Dex-4 Slay+5}
 17497 | D:10     | Reached XP level 14. HP: 113/120 MP: 21/24
 17546 | D:10     | Reached skill level 1 in Armour
 17873 | D:10     | Killed a frost giant
 17887 | D:10     | Killed wormed's ghost
 17889 | D:10     | Got the Exposition on the Creative Jaunt
 18084 | Lair:1   | Entered Level 1 of the Lair of Beasts
 18436 | D:11     | Bought the +6 lightning scales {swift, rElec} for 1139 gold
                  | pieces
 18436 | D:11     | Found the +6 lightning scales {swift, rElec}
 19001 | Lair:1   | Identified the +0 leather armour of Darkness {Dex+3}
 20070 | Lair:3   | Reached skill level 5 in Dodging
 20368 | Lair:3   | Reached skill level 5 in Armour
 20502 | Lair:3   | Reached ****** piety under the Shining One
 20505 | Lair:3   | Found a staircase to the Swamp.
 20646 | Lair:3   | Identified the +12 longbow "Feqomupt" {flame, rElec Str-3
                  | SInv}
 20744 | Lair:3   | Found a hazy altar of Hepliaklqana.
 20796 | Lair:3   | Found a hole to the Spider Nest.
 21333 | Lair:4   | Reached XP level 15. HP: 96/126 MP: 7/26
 21399 | Lair:4   | Reached skill level 15 in Invocations
 21909 | Lair:5   | Entered Level 5 of the Lair of Beasts
 22237 | Lair:5   | Noticed Sonja
 22244 | Lair:5   | Killed Sonja
 22470 | Lair:5   | Got Sif Muna's Encyclopedia of Charms
 22472 | Lair:5   | Got the Handbook of Calefaction
 22589 | Lair:5   | Found a viscous altar of Jiyva.
 22597 | Lair:5   | Found a staircase to the Slime Pits.
 23491 | Orc:2    | Bought a potion of curing for 39 gold pieces
 23491 | Orc:2    | Bought a potion of curing for 39 gold pieces
 23491 | Orc:2    | Bought a potion of curing for 39 gold pieces
 23491 | Orc:2    | Bought 2 potions of curing for 78 gold pieces
 23491 | Orc:2    | Bought a potion of curing for 39 gold pieces
 23664 | Spider:1 | Entered Level 1 of the Spider Nest
 24545 | Spider:1 | Noticed an emperor scorpion
 24589 | Spider:1 | Killed an emperor scorpion
 24590 | Spider:1 | Reached skill level 5 in Evocations
 24693 | Spider:1 | Reached XP level 16. HP: 35/133 MP: 12/29
 25311 | Spider:2 | Reached skill level 10 in Stealth
 26330 | Spider:3 | Identified the +6 scale mail of Aceuha {Dex+4}
 26512 | Spider:3 | Reached XP level 17. HP: 112/152 MP: 24/30
 26716 | Spider:3 | Noticed Arachne
 26736 | Spider:3 | Killed Arachne
 26737 | Spider:3 | Reached skill level 10 in Fighting
 27704 | Spider:4 | Entered Level 4 of the Spider Nest
 28090 | Spider:4 | Reached skill level 5 in Hexes
 28254 | Spider:4 | Reached skill level 10 in Poison Magic
 29028 | Spider:4 | Got a gossamer rune of Zot
 29310 | Swamp:1  | Entered Level 1 of the Swamp
 29398 | Swamp:1  | Got Sif Muna's Mind of the Magus in Simple Steps
 29465 | Swamp:1  | Noticed Aizul
 29468 | Swamp:1  | Reached XP level 18. HP: 132/160 MP: 21/31
 29472 | Swamp:1  | Killed Aizul
 29541 | Swamp:1  | Learned a level 1 spell: Slow
 29864 | Swamp:2  | Noticed Frances
 29874 | Swamp:2  | Killed Frances
 30166 | Swamp:2  | You fall into a shaft and drop 1 floor!
 30621 | Swamp:3  | Noticed a tentacled monstrosity
 30629 | Swamp:3  | Killed a tentacled monstrosity
 30700 | Swamp:3  | Noticed a tentacled monstrosity
 30728 | Swamp:3  | Killed a tentacled monstrosity
 30890 | Swamp:3  | Noticed a tentacled monstrosity
 30903 | Swamp:3  | Killed a tentacled monstrosity
 30904 | Swamp:3  | Reached skill level 10 in Armour
 31540 | Swamp:4  | Entered Level 4 of the Swamp
 31646 | Swamp:4  | Found a frozen archway.
 31853 | IceCv    | Entered an ice cave
 32518 | IceCv    | Found an ancient bone altar of Kikubaaqudgha.
 32661 | IceCv    | Noticed a lich
 32684 | IceCv    | Killed a lich
 32702 | IceCv    | Identified the +3 ring mail of Atheism {Str+4 Int+4 Dex+3
                  | Stlth+}
 32722 | IceCv    | Identified the ring of Xom's Whimsicality {rN+ Str+4
                  | Stlth+}
 33234 | Swamp:4  | Reached XP level 19. HP: 181/181 MP: 32/32
 33276 | Swamp:4  | Identified the +5 shortbow "Nen Dula" {flame, rPois Will+
                  | Str-2}
 34497 | Swamp:4  | Got a decaying rune of Zot
 35473 | D:14     | Noticed Venk's ghost (adept DjFE)
 35475 | D:14     | Noticed Nezimene's ghost (journeyman FoFi)
 35499 | D:14     | Found a transporter.
 35532 | D:14     | Noticed Jorgrun
 35546 | D:14     | Killed Jorgrun
 35683 | D:14     | Found a gate to the Vaults.
 35748 | D:14     | Identified the +3 leather armour of Jigsaw {rN+ Dex+2}
 35749 | D:14     | Identified the +2 cloak of the Zebra {Harm rC- rN+ rCorr}
 36156 | D:14     | Identified the +8 flail of Ageing Peril {freeze, rN+++
                  | rCorr Dex-4}
 36170 | D:14     | Found a transporter.
 36332 | D:15     | Entered Level 15 of the Dungeon
 36332 | D:15     | Found a staircase to the Depths.
 37349 | Elf:1    | Entered Level 1 of the Elven Halls
 37787 | Elf:1    | Found Kineq's Assorted Antiques.
 38120 | Elf:1    | Paralysed by an air elemental for 1 turns
 38528 | Elf:2    | Found a runed translucent gate.
 38528 | Elf:2    | Found a runed translucent gate.
 38528 | Elf:2    | Found a runed translucent gate.
 38999 | Elf:2    | Reached XP level 20. HP: 187/190 MP: 33/33
 39759 | Elf:3    | Entered Level 3 of the Elven Halls
 39799 | Elf:3    | Found Puotz's Antique Weapon Shoppe.
 39888 | Elf:3    | Found a transporter.
 39893 | Elf:3    | Noticed Liuch's ghost (adept OpAE)
 40019 | Elf:3    | Reached skill level 15 in Maces & Flails
 40605 | Elf:3    | Identified the +4 great sword of Insomnia {protect, Int+2
                  | Stlth+}
 40670 | Elf:3    | Found a transporter.
 40687 | Elf:3    | Found Repej's Book Shoppe.
 40824 | Elf:3    | Noticed Mara
 40845 | Elf:3    | Noticed browni3141's illusion
 41175 | Elf:3    | Noticed browni3141's illusion
 41178 | Elf:3    | Killed Mara
 41427 | Elf:3    | Identified the +7 scimitar of Joreral {freeze, Contam rN++}
 41427 | Elf:3    | Identified the amulet of Tasewiedo {Faith rPois rN+ Int-2
                  | Dex+5}
 41433 | Elf:3    | Identified the +1 plate armour "Urphohen" {rCorr}
 41439 | Elf:3    | Identified the ring "Ihatarha" {rElec rPois rF- rN+ Int+2}
 41767 | Elf:3    | Identified the +2 chain mail of Conscience {Str+2 Slay+2}
 42269 | Elf:3    | Found the +3 giant club "Skullcrusher" {speed, Str+7}
 42278 | Elf:3    | Identified the +8 arbalest of Agony {penet, Int+3}
 42879 | D:11     | Bought a scroll of enchant weapon for 105 gold pieces
 42943 | D:11     | Bought a scroll of magic mapping for 90 gold pieces
 42943 | D:11     | Bought a scroll of fear for 48 gold pieces
 42943 | D:11     | Bought a scroll of enchant weapon for 90 gold pieces
 43043 | Orc:2    | Bought a scroll of magic mapping for 97 gold pieces
 43043 | Orc:2    | Bought a scroll of teleportation for 39 gold pieces
 43043 | Orc:2    | Bought a scroll of acquirement for 676 gold pieces
 43049 | Orc:2    | Acquired 723 gold pieces
 43051 | Orc:2    | Bought 2 potions of heal wounds for 290 gold pieces
 43137 | Orc:2    | Bought a potion of resistance for 130 gold pieces
 43211 | Elf:1    | Bought a scroll of blinking for 277 gold pieces
 43211 | Elf:1    | Bought a scroll of fear for 148 gold pieces
 43339 | Elf:3    | Reached XP level 21. HP: 198/198 MP: 35/35
 43410 | Elf:3    | Killed Liuch's ghost
 43432 | Elf:3    | Identified the ring of Greed {rElec rPois rCorr Dex+4 SInv}
 43779 | Depths:1 | Entered Level 1 of the Depths
 43917 | Depths:1 | Reached XP level 22. HP: 132/206 MP: 36/36
 44088 | Depths:1 | Found a glowing golden altar of the Shining One.
 44088 | Depths:1 | Found a runed translucent door.
 44849 | Depths:1 | Found a gateway to Hell.
 45278 | Depths:1 | Paralysed by a floating eye for 3 turns
 45286 | Depths:1 | Paralysed by a floating eye for 3 turns
 45522 | Depths:2 | Identified the ring of Awe {Fly Str-2 Int+3 Stlth+}
 45536 | Depths:2 | Identified the +9 great sword "Wavakhliv" {freeze, Contam
                  | rPois rC+ Dex+7}
 46056 | Depths:2 | Found a magical portal.
 46065 | WizLab   | Entered Borgnjor's Mausoleum
 46095 | WizLab   | Reached skill level 10 in Dodging
 46560 | Depths:2 | Identified the +2 flail "Vige Apa" {elec, rN+}
 46929 | Depths:2 | Reached XP level 23. HP: 184/213 MP: 37/37
 47308 | Depths:2 | Noticed Bai Suzhen
 47326 | Depths:2 | Killed Bai Suzhen
 47333 | Depths:2 | Found a one-way gate leading to the halls of Pandemonium.
 47812 | Depths:2 | Found the ring of the Tortoise {AC+8}
 48191 | Depths:3 | Found a one-way gate to the infinite horrors of the Abyss.
 48465 | Depths:3 | Found a one-way gateway to a ziggurat.
 48926 | Depths:3 | Noticed Xtahua
 48939 | Depths:3 | Killed Xtahua
 49380 | Depths:3 | Noticed a golden dragon
 49751 | Depths:3 | Found Fefet's Weapon Shoppe.
 50478 | Depths:3 | Noticed a caustic shrike
 50480 | Depths:3 | Noticed a caustic shrike
 50494 | Depths:3 | Killed a caustic shrike
 50497 | Depths:3 | Killed a caustic shrike
 50498 | Depths:3 | Noticed a caustic shrike
 50838 | Depths:3 | Killed a caustic shrike
 51124 | Depths:3 | Identified the +10 mace of the Disturbing Knaves {freeze,
                  | Will++ rCorr}
 51464 | Depths:3 | Noticed a golden dragon
 51503 | Depths:3 | Killed a golden dragon
 51594 | Depths:3 | Identified the +9 spear "Goblinslayer" {speed, rN+}
 51741 | Depths:3 | Killed a golden dragon
 51756 | Depths:3 | Reached XP level 24. HP: 222/222 MP: 39/39
 51797 | Depths:3 | Got Xogaxois's Lessons on Shapes and Heat
 51955 | Depths:4 | Entered Level 4 of the Depths
 52149 | Depths:3 | Found a one-way gateway to a ziggurat.
 52402 | Depths:3 | Found a one-way gate to the infinite horrors of the Abyss.
 52696 | Depths:3 | Found Fefet's Weapon Shoppe.
 52860 | Depths:4 | Paralysed by a vampire knight for 4 turns
 52868 | Depths:4 | Reached skill level 15 in Fighting
 53787 | Depths:4 | Noticed the Enchantress
 53801 | Depths:4 | Killed the Enchantress
 54204 | Depths:4 | Noticed Mennas
 54224 | Depths:4 | Killed Mennas
 54892 | Depths:4 | Found a gate to the Realm of Zot.
 55259 | Elf:2    | Identified a +4 eveningstar of holy wrath (a +2 eveningstar
                  | of draining blessed by the Shining One)
 55259 | Elf:2    | Received a gift from the Shining One
 55959 | Vaults:1 | Entered Level 1 of the Vaults
 57708 | Depths:3 | Voluntarily entered the Abyss.
 58139 | Abyss:2  | Found a corrupted altar of Lugonu.
 58437 | Abyss:4  | Found a corrupted altar of Lugonu.
 58514 | Abyss:4  | Reached XP level 25. HP: 94/244 MP: 30/39
 58847 | Depths:3 | Escaped the Abyss
 59117 | Depths:3 | Voluntarily entered the Abyss.
 59125 | Abyss:4  | Reached skill level 10 in Shields
 59391 | Abyss:4  | Paralysed by accursed screaming for 1 turns
 59410 | Abyss:4  | Paralysed by accursed screaming for 1 turns
 59501 | Abyss:4  | Got an abyssal rune of Zot
 59521 | Depths:3 | Escaped the Abyss
 59582 | Zot:1    | Entered Level 1 of the Realm of Zot
 59588 | Zot:1    | Noticed Parghit
 60384 | Depths:4 | Killed Parghit
 63530 | Zot:2    | Reached XP level 26. HP: 37/259 MP: 25/40
 64291 | Zot:2    | You fall into a shaft and drop 2 floors!
 64354 | Zot:4    | Reached skill level 27 in Invocations
 65371 | Zot:4    | Noticed a Killer Klown
 65371 | Zot:4    | Noticed a Killer Klown
 65383 | Zot:4    | Killed a Killer Klown
 65389 | Zot:4    | Killed a Killer Klown
 65751 | Zot:4    | Noticed a Killer Klown
 65794 | Zot:4    | Killed a Killer Klown
 66175 | Zot:4    | Noticed an orb of fire
 66183 | Zot:4    | Gained mutation: You occasionally shout uncontrollably at
                  | your foes. [an orb of fire]
 66187 | Zot:4    | Gained mutation: You are weak. (Str -2) [an orb of fire]
 66200 | Zot:4    | Gained mutation: Your body sometimes deteriorates upon
                  | taking damage. [an orb of fire]
 66205 | Zot:4    | Gained mutation: You are vulnerable to heat. (rF-) [an orb
                  | of fire]
 66213 | Zot:4    | Gained mutation: You are dopey. (Int -2) [an orb of fire]
 66215 | Zot:4    | Killed an orb of fire
 66675 | Zot:4    | Identified the +6 quarterstaff "Dufong" {flame, rF++ Int+4}
 66764 | Zot:4    | Noticed a Killer Klown
 66772 | Zot:4    | Killed a Killer Klown
 67522 | Zot:4    | Lost mutation: You are dopey. (Int -2) [potion of mutation]
 67522 | Zot:4    | Lost mutation: You are weak. (Str -2) [potion of mutation]
 67522 | Zot:4    | Gained mutation: Your spells are a little harder to cast,
                  | but a little more powerful. [potion of mutation]
 67522 | Zot:4    | Gained mutation: You are partially covered in iridescent
                  | scales. (AC +2) [potion of mutation]
 67522 | Zot:4    | Gained mutation: You possess an exceptional clarity of
                  | mind. [potion of mutation]
 67523 | Zot:4    | Lost mutation: You are vulnerable to heat. (rF-) [potion of
                  | mutation]
 67523 | Zot:4    | Lost mutation: You are partially covered in iridescent
                  | scales. (AC +2) [potion of mutation]
 67523 | Zot:4    | Gained mutation: Your tail ends in a venomous barb. [potion
                  | of mutation]
 68920 | Zot:3    | Identified the ring of Veiluhie {rElec Will+ rCorr Str+6}
 69363 | Zot:3    | Found a runed translucent door.
 69364 | Zot:3    | Noticed Wysooluir's ghost (veteran OgBe)
 69598 | Zot:3    | Killed Wysooluir's ghost
 70238 | Zot:5    | Entered Level 5 of the Realm of Zot
 70370 | Zot:5    | Reached XP level 27. HP: 210/277 MP: 40/40
 70786 | D:14     | Killed Venk's ghost
 70792 | D:14     | Killed Nezimene's ghost
 70818 | D:14     | Reached skill level 15 in Shields
 70951 | D:12     | Killed acebull12's ghost
 71391 | Vaults:2 | Found a staircase to the Crypt.
 71784 | Vaults:2 | Noticed Frederick
 71792 | Vaults:2 | Killed Frederick
 73066 | Vaults:2 | Found Tomit's Magic Scroll Boutique.
 73071 | Vaults:2 | Bought a scroll of magic mapping for 127 gold pieces
 73071 | Vaults:2 | Bought a scroll of teleportation for 51 gold pieces
 73071 | Vaults:2 | Bought a scroll of summoning for 161 gold pieces
 73071 | Vaults:2 | Bought a scroll of teleportation for 51 gold pieces
 73071 | Vaults:2 | Bought 3 scrolls of teleportation for 153 gold pieces
 73589 | Vaults:3 | Found a transporter.
 73593 | Vaults:3 | Found a transporter.
 74707 | Vaults:3 | Found Pegops's Book Shoppe.
 74917 | Vaults:3 | Identified the +6 great mace of Brawling {pain, rF+}
 75271 | Vaults:3 | Identified the ring of the Battered Tables {rPois rCorr
                  | EV+5 SInv}
 76053 | Vaults:4 | Found Obum Emoati's Distillery.
 76063 | Vaults:4 | Bought a potion of curing for 48 gold pieces
 76063 | Vaults:4 | Bought a potion of mutation for 128 gold pieces
 76063 | Vaults:4 | Bought a potion of curing for 48 gold pieces
 76063 | Vaults:4 | Bought a potion of haste for 160 gold pieces
 76063 | Vaults:4 | Bought a potion of ambrosia for 128 gold pieces
 76801 | Vaults:5 | Entered Level 5 of the Vaults
 76801 | Vaults:5 | Noticed Boris
 76806 | Vaults:5 | Killed Boris
 76850 | Vaults:5 | Noticed a dread lich
 76857 | Vaults:5 | Killed a dread lich
 77553 | Vaults:5 | Identified the +1 pair of gloves "Modiu" {Fly}
 77796 | Vaults:5 | Identified the +6 war axe of Insomnia {chaos, rPois rCorr
                  | Str-3 Int-2}
 78131 | Vaults:5 | Identified the +4 quarterstaff "Huunor" {freeze, rF+ rN+
                  | MP+9}
 78239 | Vaults:5 | Found Rycenod's Armour Shoppe.
 78595 | Vaults:5 | Got a silver rune of Zot
 79264 | Slime:1  | Entered Level 1 of the Pits of Slime
 79267 | Slime:1  | Gained mutation: You are dopey. (Int -2) [a shining eye]
 80505 | Slime:4  | Gained mutation: You are occasionally teleported next to
                  | monsters. [a shining eye]
 80776 | Slime:4  | Lost mutation: Your spells are a little harder to cast, but
                  | a little more powerful. [potion of mutation]
 80776 | Slime:4  | Lost mutation: You possess an exceptional clarity of mind.
                  | [potion of mutation]
 80776 | Slime:4  | Lost mutation: Your tail ends in a venomous barb. [potion
                  | of mutation]
 80776 | Slime:4  | Gained mutation: You possess an exceptional clarity of
                  | mind. [potion of mutation]
 80776 | Slime:4  | Gained mutation: You have sharp fingernails. [potion of
                  | mutation]
 80777 | Slime:4  | Lost mutation: You possess an exceptional clarity of mind.
                  | [potion of mutation]
 80777 | Slime:4  | Lost mutation: You have sharp fingernails. [potion of
                  | mutation]
 80777 | Slime:4  | Lost mutation: You occasionally shout uncontrollably at
                  | your foes. [potion of mutation]
 80777 | Slime:4  | Gained mutation: Your flesh is heat resistant. (rF+)
                  | [potion of mutation]
 80778 | Slime:4  | Lost mutation: You are occasionally teleported next to
                  | monsters. [potion of mutation]
 80778 | Slime:4  | Lost mutation: Your body sometimes deteriorates upon taking
                  | damage. [potion of mutation]
 80778 | Slime:4  | Gained mutation: Your body sometimes deteriorates upon
                  | taking damage. [potion of mutation]
 82096 | Slime:5  | Entered Level 5 of the Pits of Slime
 82888 | Slime:5  | Noticed the Royal Jelly
 83031 | Slime:5  | Gained mutation: You sometimes lose your temper in combat.
                  | [a shining eye]
 83202 | Slime:5  | Lost mutation: Your body sometimes deteriorates upon taking
                  | damage. [potion of mutation]
 83202 | Slime:5  | Lost mutation: Your flesh is heat resistant. (rF+) [potion
                  | of mutation]
 83202 | Slime:5  | Gained mutation: You occasionally lose the ability to drink
                  | potions when taking damage. [potion of mutation]
 83202 | Slime:5  | Gained mutation: You expend magic power (3 MP) to
                  | strengthen your wands. [potion of mutation]
 83203 | Slime:5  | Lost mutation: You sometimes lose your temper in combat.
                  | [potion of mutation]
 83203 | Slime:5  | Lost mutation: You expend magic power (3 MP) to strengthen
                  | your wands. [potion of mutation]
 83203 | Slime:5  | Gained mutation: Your muscles are strong. (Str +4, Int/Dex
                  | -1) [potion of mutation]
 83203 | Slime:5  | Gained mutation: You are somewhat resistant to further
                  | mutation. [potion of mutation]
 83218 | Slime:5  | Found a viscous altar of Jiyva.
 83334 | Slime:5  | Killed the Royal Jelly
 84013 | Slime:5  | Got a slimy rune of Zot
 84014 | Slime:5  | Identified the +3 scimitar "Xyenkofe" {flame, rPois rC+
                  | Dex-4}
 84033 | Slime:5  | Got Maseun's Grimoire of Doom
 84062 | Slime:5  | Identified the +4 scimitar of Compulsion {drain, SInv}
 84652 | Crypt:1  | Entered Level 1 of the Crypt
 86231 | Crypt:3  | Entered Level 3 of the Crypt
 86268 | Crypt:3  | Found a staircase to the Tomb.
 86658 | Crypt:3  | Found a basalt altar of Yredelemnul.
 86691 | Crypt:3  | Noticed a dread lich
 86701 | Crypt:3  | Killed a dread lich
 86702 | Crypt:3  | Reached skill level 27 in Fighting
 86706 | Crypt:3  | Identified the +1 plate armour "Cohinn" {-Cast Will+++
                  | Dex+4}
 86721 | Crypt:3  | Identified the ring of Exkatoukh {rElec MP+9}
 86734 | Crypt:3  | Identified the +9 hand axe "Gututyt" {vamp, rC++ Str-4}
 86815 | Crypt:3  | Noticed Grunn
 86825 | Crypt:3  | Killed Grunn
 87046 | Crypt:3  | Identified the ring of the Tempest {Fly rF+ Will+ Int+3}
 87145 | Crypt:3  | Identified the ring of Unwamuxt {rPois rN+ Will- Dex+5
                  | SInv}
 87145 | Crypt:3  | Identified the ring of Red Wine {*Corrode +Blink rN+ Dex+3}
 87145 | Crypt:3  | Identified the ring "Ifuehar" {rPois rF+ rN+}
 87632 | Tomb:1   | Entered Level 1 of the Tomb of the Ancients
 88068 | Tomb:1   | Noticed a royal mummy
 88075 | Tomb:1   | Noticed a royal mummy
 88081 | Tomb:1   | Killed a royal mummy
 88084 | Tomb:1   | Killed a royal mummy
 89180 | Pan      | Entered Pandemonium
 89787 | Pan      | Found an exit through the horrors of the Abyss.
 90108 | Pan      | Noticed Ygocsit the pandemonium lord
 90117 | Pan      | Killed Ygocsit the pandemonium lord
 90367 | Pan      | Found an exit through the horrors of the Abyss.
 90698 | Pan      | Entered the realm of Cerebov.
 90945 | Pan      | Found an exit through the horrors of the Abyss.
 91535 | Pan      | Identified the +10 quarterstaff of the Bellicose God
                  | {flame, rF+ rCorr}
 91619 | Pan      | Found the +6 sword of Cerebov {flame}
 91619 | Pan      | Noticed Cerebov
 91954 | Pan      | Identified the +8 chain mail "Otran Kaggi" {rC+}
 91997 | Pan      | Killed Cerebov
 92039 | Pan      | Identified the +5 whip "Gufotic" {spect, Str+3}
 92046 | Pan      | Got the Vellum of Fluctuating Glamour
 92302 | Pan      | Got a fiery rune of Zot
 92441 | Pan      | Noticed Icatim the pandemonium lord
 92447 | Pan      | Killed Icatim the pandemonium lord
 92474 | Pan      | Got a demonic rune of Zot
 92653 | Pan      | Gained mutation: You sometimes lose the ability to drink
                  | potions when taking damage. [a cacodemon]
 92762 | Pan      | Found an exit through the horrors of the Abyss.
 93158 | Pan      | Entered the realm of Gloorx Vloq.
 93198 | Pan      | Found an exit through the horrors of the Abyss.
 94210 | Pan      | Learned a level 4 spell: Passage of Golubria
 94384 | Pan      | Noticed Gloorx Vloq
 94462 | Pan      | Killed Gloorx Vloq
 95091 | Pan      | Got a dark rune of Zot
 95324 | Pan      | Noticed Yzesan the pandemonium lord
 95335 | Pan      | Killed Yzesan the pandemonium lord
 95467 | Pan      | Entered the realm of Mnoleg.
 95847 | Pan      | Gained mutation: Your spells are a little easier to cast,
                  | but a little less powerful. [a cacodemon]
 95851 | Pan      | Lost mutation: You are somewhat resistant to further
                  | mutation. [a cacodemon]
 96155 | Pan      | Gained mutation: Your body sometimes deteriorates upon
                  | taking damage. [a neqoxec]
 96157 | Pan      | Gained mutation: Your body often deteriorates upon taking
                  | damage. [a neqoxec]
 96261 | Pan      | Gained mutation: You occasionally lose the ability to read
                  | scrolls when taking damage. [a cacodemon]
 96277 | Pan      | Lost mutation: You occasionally lose the ability to read
                  | scrolls when taking damage. [potion of mutation]
 96277 | Pan      | Lost mutation: Your body often deteriorates upon taking
                  | damage. [potion of mutation]
 96277 | Pan      | Lost mutation: You sometimes lose the ability to drink
                  | potions when taking damage. [potion of mutation]
 96277 | Pan      | Lost mutation: You occasionally lose the ability to drink
                  | potions when taking damage. [potion of mutation]
 96277 | Pan      | Gained mutation: Your spells are easier to cast, but less
                  | powerful. [potion of mutation]
 96478 | Pan      | Noticed Mnoleg
 96519 | Pan      | Killed Mnoleg
 96548 | Pan      | Gained mutation: You are frail. (-10% HP) [a neqoxec]
 96550 | Pan      | Gained mutation: You are vulnerable to heat. (rF-) [a
                  | neqoxec]
 96572 | Pan      | Gained mutation: Your body often deteriorates upon taking
                  | damage. [a cacodemon]
 96595 | Pan      | Got a glowing rune of Zot
 96973 | Pan      | Noticed Juim the pandemonium lord
 96979 | Pan      | Gained mutation: You have hidden genetic defects. [a
                  | cacodemon]
 96982 | Pan      | Gained mutation: You are clumsy. (Dex -2) [a cacodemon]
 97003 | Pan      | Killed Juim the pandemonium lord
 97153 | Pan      | Found an exit through the horrors of the Abyss.
 97658 | Pan      | Gained mutation: You are occasionally teleported next to
                  | monsters. [hidden defects]
 97661 | Pan      | Lost mutation: You are clumsy. (Dex -2) [potion of
                  | mutation]
 97661 | Pan      | Lost mutation: Your spells are easier to cast, but less
                  | powerful. [potion of mutation]
 97661 | Pan      | Lost mutation: You have hidden genetic defects. [potion of
                  | mutation]
 97661 | Pan      | Gained mutation: Your flesh is cold resistant. (rC+)
                  | [potion of mutation]
 97692 | Depths:2 | Escaped Pandemonium
 97934 | Orc:2    | Bought a potion of mutation for 104 gold pieces
 97934 | Orc:2    | Bought a potion of mutation for 104 gold pieces
 97934 | Orc:2    | Bought a potion of lignification for 39 gold pieces
 97934 | Orc:2    | Lost mutation: Your spells are a little easier to cast, but
                  | a little less powerful. [potion of mutation]
 97934 | Orc:2    | Lost mutation: You are vulnerable to heat. (rF-) [potion of
                  | mutation]
 97934 | Orc:2    | Lost mutation: Your flesh is cold resistant. (rC+) [potion
                  | of mutation]
 97934 | Orc:2    | Gained mutation: You are partially covered in iridescent
                  | scales. (AC +2) [potion of mutation]
 97935 | Orc:2    | Lost mutation: You are occasionally teleported next to
                  | monsters. [potion of mutation]
 97935 | Orc:2    | Lost mutation: You are dopey. (Int -2) [potion of mutation]
 97935 | Orc:2    | Lost mutation: You are frail. (-10% HP) [potion of
                  | mutation]
 97935 | Orc:2    | Gained mutation: You can exhale a cloud of poison. [potion
                  | of mutation]
 98186 | Pan      | Entered Pandemonium
 98253 | Pan      | Identified the +1 ring mail of Servitude {rPois Regen+}
 98476 | Pan      | Identified the ring "Seebleav" {rElec rF+}
 98482 | Pan      | Found an exit through the horrors of the Abyss.
 98703 | Pan      | Noticed Ignacio
 98710 | Pan      | Killed Ignacio
 98887 | Pan      | Noticed Izobam the pandemonium lord
 98898 | Pan      | Killed Izobam the pandemonium lord
 99066 | Pan      | Entered the realm of Lom Lobon.
 99066 | Pan      | Found an exit through the horrors of the Abyss.
 99955 | Pan      | Reached skill level 27 in Maces & Flails
100000 | Pan      | Noticed Lom Lobon
100010 | Pan      | Killed Lom Lobon
100023 | Pan      | Got a magical rune of Zot
100131 | Pan      | Took an exit into the Abyss.
100131 | Abyss:4  | Escaped into the Abyss
100207 | Abyss:4  | Paralysed by accursed screaming for 1 turns
100210 | Abyss:4  | Reached skill level 1 in Translocations
100261 | Depths:2 | Escaped the Abyss
100285 | Hell     | Entered the Vestibule of Hell
100285 | Hell     | Noticed Geryon
100300 | Hell     | Killed Geryon
100350 | Hell     | Found a gateway to the ashen valley of Gehenna.
100600 | Hell     | Found a gateway to the Iron City of Dis.
100646 | Hell     | Reached skill level 5 in Translocations
100657 | Hell     | Found a gateway to the freezing wastes of Cocytus.
100737 | Hell     | Found a gateway to the decaying netherworld of Tartarus.
100876 | Tar:1    | Entered Level 1 of Tartarus
101287 | Tar:2    | You fall into a shaft and drop 1 floor!
102526 | Tar:7    | Entered Level 7 of Tartarus
102551 | Tar:7    | Noticed an ancient lich
102556 | Tar:7    | Killed an ancient lich
102623 | Tar:7    | Reached skill level 10 in Translocations
103932 | Tar:7    | Noticed Ereshkigal
103951 | Tar:7    | Killed Ereshkigal
104044 | Tar:7    | Got a bone rune of Zot
104253 | Dis:1    | Entered Level 1 of the Iron City of Dis
104473 | Dis:1    | Reached skill level 27 in Shields
104583 | Dis:2    | You fall into a shaft and drop 2 floors!
105889 | Dis:7    | Entered Level 7 of the Iron City of Dis
105914 | Dis:7    | Reached skill level 15 in Translocations
106278 | Dis:7    | Reached skill level 15 in Armour
107378 | Dis:7    | Identified the +9 short sword "Fanomas" {heavy, MP-9 Int+6}
107417 | Dis:7    | Identified the +2 short sword of Dominance {antimagic,
                  | rPois Will- Str+2 Dex+3}
107418 | Dis:7    | Identified the -2 cloak of the Catfish {Str+7 Int-2}
107553 | Dis:7    | Identified the +7 morningstar of Pacucw {protect, *Corrode
                  | rElec rPois}
107932 | Dis:7    | Identified the +3 long sword "Siehinub" {flame, rPois
                  | Dex+5}
108355 | Dis:7    | Identified the ring "Kunluoli" {+Blink rF- Will++ Str+4
                  | Dex+6 Stlth+}
108508 | Dis:7    | Found the +4 staff of Dispater
108508 | Dis:7    | Noticed Dispater
108519 | Dis:7    | Killed Dispater
108540 | Dis:7    | Got an iron rune of Zot
108654 | Geh:1    | Entered Level 1 of Gehenna
108772 | Geh:2    | Noticed a dread lich
110470 | Geh:6    | Learned a level 3 spell: Lesser Beckoning
110473 | Geh:6    | Learned a level 2 spell: Blink
110475 | Geh:6    | Learned a level 1 spell: Apportation
110478 | Geh:6    | Learned a level 2 spell: Momentum Strike
110482 | Geh:6    | Learned a level 3 spell: Gell's Gravitas
110486 | Geh:6    | Learned a level 3 spell: Teleport Other
110491 | Geh:6    | Learned a level 4 spell: Manifold Assault
110492 | Geh:7    | Entered Level 7 of Gehenna
111280 | Geh:7    | Noticed the Serpent of Hell
111286 | Geh:7    | Killed the Serpent of Hell
111635 | Geh:7    | Identified the +8 war axe "Codumug" {protect, Will+}
111636 | Geh:7    | Identified the +1 plate armour of Analysis {rF+ rN+ Regen+
                  | Str+4}
111674 | Geh:7    | Found the +7 sceptre of Asmodeus
111674 | Geh:7    | Noticed Asmodeus
111690 | Geh:7    | Killed Asmodeus
111733 | Geh:7    | Identified the +10 shortbow of Qaqeg {drain, rCorr Int+4
                  | Dex+2 Stlth-}
111746 | Geh:7    | Identified the ring of Cheibriados's Grace {Fire Dex+6}
111749 | Geh:7    | Identified the +5 ring mail of the Damp God {Dex+4}
111765 | Geh:7    | Identified the +10 sling of Strategic Superiority {elec,
                  | rF+++ rC- Will- Str+4}
111787 | Geh:7    | Got an obsidian rune of Zot
112225 | Coc:1    | Entered Level 1 of Cocytus
112796 | Coc:3    | Paralysed by a wendigo for 1 turns
113561 | Coc:7    | Entered Level 7 of Cocytus
113696 | Coc:7    | Paralysed by a wendigo for 1 turns
113879 | Coc:7    | Paralysed by a wendigo for 1 turns
116197 | Coc:7    | Got an icy rune of Zot
116197 | Coc:7    | Noticed Antaeus
116479 | D:11     | Bought a potion of attraction for 42 gold pieces
116639 | Orc:2    | Bought a potion of attraction for 87 gold pieces
116895 | Vaults:2 | Acquired the ring of the Evening {rN+ Dex+3 Slay+4}
117683 | Tomb:2   | Noticed a royal mummy
117696 | Tomb:2   | Killed a royal mummy
117698 | Tomb:2   | Noticed a royal mummy
117699 | Tomb:2   | Noticed a royal mummy
117707 | Tomb:2   | Killed a royal mummy
117710 | Tomb:2   | Noticed a royal mummy
117715 | Tomb:2   | Killed a royal mummy
117716 | Tomb:2   | Killed a royal mummy
117885 | Tomb:2   | Identified the +11 flail of Nightmares {antimagic, Int+4}
118164 | Tomb:1   | Noticed a royal mummy
118165 | Tomb:1   | Noticed a royal mummy
118171 | Tomb:1   | Killed a royal mummy
118171 | Tomb:1   | Noticed a royal mummy
118177 | Tomb:1   | Killed a royal mummy
118178 | Tomb:1   | Noticed a royal mummy
118182 | Tomb:1   | Killed a royal mummy
118189 | Tomb:1   | Killed a royal mummy
118288 | Tomb:1   | Noticed a royal mummy
118298 | Tomb:1   | Noticed a royal mummy
118303 | Tomb:1   | Killed a royal mummy
118313 | Tomb:1   | Killed a royal mummy
118325 | Tomb:1   | Noticed a royal mummy
118333 | Tomb:1   | Noticed a royal mummy
118341 | Tomb:1   | Killed a royal mummy
118346 | Tomb:1   | Noticed a royal mummy
118348 | Tomb:1   | Noticed a royal mummy
118350 | Tomb:1   | Killed a royal mummy
118359 | Tomb:1   | Killed a royal mummy
118366 | Tomb:1   | Killed a royal mummy
118441 | Tomb:1   | Noticed a royal mummy
118449 | Tomb:1   | Killed a royal mummy
118465 | Tomb:1   | Noticed a royal mummy
118485 | Tomb:1   | Killed a royal mummy
118495 | Tomb:1   | Noticed a royal mummy
118522 | Tomb:1   | Killed a royal mummy
118647 | Tomb:1   | Noticed a royal mummy
118656 | Tomb:1   | Killed a royal mummy
118661 | Tomb:1   | Noticed a royal mummy
118671 | Tomb:1   | Killed a royal mummy
118681 | Tomb:1   | Noticed a royal mummy
118691 | Tomb:1   | Killed a royal mummy
118707 | Tomb:1   | Noticed a royal mummy
118719 | Tomb:1   | Noticed a royal mummy
118738 | Tomb:1   | Killed a royal mummy
118748 | Tomb:1   | Killed a royal mummy
118920 | Tomb:1   | Noticed a royal mummy
118931 | Tomb:1   | Killed a royal mummy
119019 | Tomb:1   | Noticed a royal mummy
119026 | Tomb:1   | Killed a royal mummy
119136 | Tomb:1   | Noticed a royal mummy
119144 | Tomb:1   | Killed a royal mummy
119168 | Tomb:1   | Noticed a royal mummy
119177 | Tomb:1   | Killed a royal mummy
119189 | Tomb:1   | Noticed a royal mummy
119195 | Tomb:1   | Killed a royal mummy
119308 | Tomb:1   | Noticed a royal mummy
119317 | Tomb:1   | Killed a royal mummy
119445 | Tomb:2   | Identified the +6 tower shield "Vurrut" {+Inv rF++ Regen+
                  | Str-3}
120002 | Tomb:3   | Entered Level 3 of the Tomb of the Ancients
120068 | Tomb:3   | Noticed a royal mummy
120073 | Tomb:3   | Noticed a royal mummy
120195 | Tomb:3   | Noticed a royal mummy
120203 | Tomb:3   | Noticed Boris
120203 | Tomb:3   | Noticed a royal mummy
120398 | Tomb:3   | Noticed a royal mummy
120400 | Tomb:3   | Noticed a royal mummy
120401 | Tomb:3   | Killed a royal mummy
120401 | Tomb:3   | Killed a royal mummy
120401 | Tomb:3   | Was placed under penance by the Shining One
120409 | Tomb:3   | Noticed a royal mummy
120415 | Tomb:3   | Noticed a royal mummy
120417 | Tomb:3   | HP: 14/296 [ushabti/vile air (1)]
120418 | Tomb:3   | Killed from afar by a royal mummy

Illustrated notes

Levels and vault maps discovered:
D:1:      onia_arrival_pyramid, layout_basic, minmay_misc_feat_columns
D:2:      layout_basic, shapermc_ecumenical_altar_notcrosses, uniq_terence
D:3:      layout_basic, nzn_overflow_gifts_of_might_and_magic,
          beargit_hepliaklqana_dungeon_heroes, st_stairs_3,
          minmay_misc_feat_room, kennysheep_generic_room_10,
          uniq_crazy_yiuf_cottage
D:4:      layout_cave_pools, nicolae_overflow_hidden_temple, tso_altar,
          serial_shops, kennysheep_mini_moat, minmay_crystal_room, uniq_robin
D:5:      layout_cave_pools, nicolae_elyvilon_temple_path,
          amcnicky_mini_pool_small, sigmund_army, uniq_duvessa, uniq_edmund,
          uniq_ijyb
D:6:      layout_gridville, gammafunk_ghost_arena, uniq_grinder, uniq_maggie
D:7:      layout_loops_ring, minmay_temple_entry_glass
D:8:      layout_loops_ring, uniq_pikel
D:9:      layout_roguey, mainiacjoe_overflow_paths
D:10:     minmay_sliced_demisemicircle, layout_rooms, kennysheep_mini,
          david_lair_shrubbed, serial_shops, nicolae_diamond_shop,
          ebering_ghost_inner_flame
D:11:     layout_cave_pods, orc_0_dummy, serial_shops,
          nicolae_shop_bloodbath_and_beyond, nicolae_shop_trees,
          nicolae_stop_n_shop_1, nicolae_shop_statue_plus, shop,
          nicolae_uskayaw_dance_hall
D:12:     layout_loops_ring, ebering_ghost_rock_garden, nicolae_ru_awakened_eye
D:13:     layout_basic, kennysheep_generic_room_5
D:14:     layout_long_grid, grunt_vaults_entry_tiered,
          minmay_misc_feat_ornament, nzn_ghost_randoct, minmay_radiant,
          uniq_jorgrun
D:15:     gammafunk_depths_entry_grave, layout_basic, serial_bayou_ford_a
Temple:   nicolae_temple_bog_church
Lair:1:   minmay_lair_venomous_thicket, layout_hall_layers,
          pdpol_lair_cavern_descent, infiniplex_staircase_pool_2,
          serial_bayou_shore_a, grunt_megastairs_5, lemuel_fruit_fields,
          lemuel_fruit_tree
Lair:2:   layout_cellular_growth
Lair:3:   layout_long_grid, nicolae_swamp_entry_splash_gauntlet,
          spider_nest_entry_webs, basic_altar
Lair:4:   layout_long_grid, minivault_27
Lair:5:   grunt_lair_end_beastmaster, layout_long_grid,
          minmay_slime_entry_oklob_open, minivault_26, nicolae_lair_lil_pond,
          uniq_sonja
Swamp:1:  layout_basic_swamp, serial_swamp_ruin, evilmike_swamp_ruin_house_2,
          evilmike_swamp_ruin_house_4, swamp_pool3, uniq_aizul
Swamp:2:  layout_falls_marsh, evilmike_swamp_ruin_house_1, uniq_frances
Swamp:3:  nzn_winding_woodlands_three_and_one
          [nzn_winding_woodlands_5x15_river_crossing,
          nzn_winding_woodlands_5x15_default,
          nzn_winding_woodlands_5x15_sawtooth,
          nzn_winding_woodlands_center_garden], layout_basic_swamp,
          evilmike_swamp_ruin_house_3
Swamp:4:  swamp, layout_basic_swamp, portal_ice_cave_entry_pillars_2,
          nicolae_swamp_well_well_well
Spider:1: layout_spider_delve
Spider:2: nicolae_spider_hilbert_zone_4 [nicolae_spider_hilbert_4_sides_2_open,
          nicolae_spider_hilbert_4_sides_1_open,
          nicolae_spider_hilbert_4_sides_1_open,
          nicolae_spider_hilbert_4_sides_1_open,
          nicolae_spider_hilbert_4_sides_1_open,
          nicolae_spider_hilbert_2_sides_1_open,
          nicolae_spider_hilbert_2_sides_1_open,
          nicolae_spider_hilbert_2_sides_1_open,
          nicolae_spider_hilbert_2_sides_1_open,
          nicolae_spider_hilbert_6_sides_1_open,
          nicolae_spider_hilbert_6_sides_1_open,
          nicolae_spider_hilbert_3_sides_1_open,
          nicolae_spider_hilbert_3_sides_1_open]
Spider:3: layout_chambers, nicolae_spider_paper_wasps, uniq_arachne
Spider:4: spider_rune_water, nicolae_spider_baby_got_redback
Slime:1:  layout_caves
Slime:2:  layout_caves
Slime:3:  layout_caves, cheibrodos_slime_lost_civilization_5
Slime:4:  layout_caves
Slime:5
Orc:1:    layout_caves, serial_shops, nicolae_shop_stone, uniq_gastronok
Orc:2:    st_orc_pillars, layout_caves, serial_shops, shop_statue,
          gauntlet_entry_generic
Elf:1:    eino_elf_arrival_sip, layout_gridlike, serial_shops, shop,
          hangedman_elf_disciples, palyth_stone_intersect
Elf:2:    elven_hall_of_blades_hangedman_original [nicolae_blade_little_rooms],
          layout_onion_city, roderic_roman_lattice, nicolae_twisting_strands
Elf:3:    minmay_elf_hall_statues, layout_geoelf_diagonals,
          gammafunk_ghost_berserking_beasts, serial_shops,
          nicolae_shop_temple_entry_statues_fountains, minivault_27,
          minmay_shop_grid_forest, uniq_mara
Vaults:1: vaults_dpeg_diagonal, nicolae_vaults_network_quinsquares
          [nicolae_vaults_network_quincunx_subvault,
          nicolae_vaults_network_quincunx_subvault,
          nicolae_vaults_network_quincunx_subvault,
          nicolae_vaults_network_quincunx_subvault],
          nicolae_vaults_little_squares_4, v_misc_18, hangedman_vaults_stitches,
          nicolae_vaults_hallways_thing, v_misc_2, hangedman_vaults_nails,
          grunt_vaults_hallway_short, vaults_room_pools, layout_vaults_ring
Vaults:2: hangedman_vaults_slice, nicolae_vaults_network_star,
          nicolae_vaults_big_ls, v_misc_18, minmay_crypt_entry_skeletal_spiral,
          nicolae_vaults_what_the_h, hangedman_vaults_stretched_pinwheel,
          vaults_room_door_hall, ontoclasm_vaults_claustrophobia,
          ontoclasm_vaults_pinch, layout_vaults_omnigrid, serial_shops,
          nicolae_shop_hallway_plus, uniq_frederick
Vaults:3: v_misc_16, nicolae_vaults_little_squares_4, vaults_standard_mumra_x,
          gammafunk_the_bubble [the_bubble_gammafunk_crates],
          nicolae_vaults_little_squares_2, vaults_room_semicircle,
          ontoclasm_vaults_spin, v_rooms_6, layout_vaults_omnibox, serial_shops,
          shop
Vaults:4: grunt_vaults_swirl, v_misc_18, vaults_room_pool, v_misc_24,
          ontoclasm_vaults_idyll, grunt_vaults_bifocal, grunt_vaults_diagonal,
          hangedman_vaults_corner_blocks, nicolae_vaults_little_squares_6,
          v_misc_13, hangedman_vaults_cutoff, nicolae_vaults_alarming,
          layout_vaults_chaotic_city, serial_shops, nicolae_lakefront_shop
Vaults:5: serial_shops, uniq_boris
Crypt:1:  layout_chaotic_city, grunt_crypt_arrival_webbed, grunt_megastairs_1
Crypt:2:  layout_chaotic_city, grunt_megastairs_2
Crypt:3:  church_of_pain_bobbens, layout_chaotic_city, tombwall_bobbens,
          uniq_grunn
Tomb:1
Tomb:2
Tomb:3
Depths:1: layout_basic, pf_dread_powers_of_hell, serial_rivers,
          chequers_serial_rivers_room_a, chequers_serial_rivers_small_b,
          chequers_serial_rivers_micro_c, chequers_serial_rivers_micro_c,
          chequers_serial_rivers_room_b, dk_noncrumbling_4, minmay_statues_item,
          st_stairs_14, lemuel_angel_altar
Depths:2: minmay_the_grid_square_5x5_3x3 [minmay_the_grid_square_5x5_corner,
          minmay_the_grid_square_5x5_trominoes,
          minmay_the_grid_square_5x5_doubleslash,
          minmay_the_grid_square_5x5_inner_v,
          minmay_the_grid_square_5x5_megaprize_open,
          minmay_the_grid_square_5x5_comb, minmay_the_grid_square_5x5_minibox,
          minmay_the_grid_square_5x5_checkered,
          minmay_the_grid_square_5x5_spiral], layout_long_grid,
          mu_enter_wizlab_4, rand_demon_pan_entry_3, hell_entry,
          minmay_guarded_unrand_tortoise, uniq_bai_suzhen
Depths:3: grunt_twisty_corner, layout_gridlike, enter_ziggurat_d,
          pf_hell_entry_tar_spiral, serial_shops, nicolae_shop_waterfront,
          minmay_misc_feat_diagonals, abyss_entry_crystal, minivault_11,
          kennysheep_cluttered_room, uniq_xtahua
Depths:4: grunt_zot_entry_gee_three, layout_cave_pools, serial_rivers,
          chequers_serial_rivers_room_a, chequers_serial_rivers_large_b,
          chequers_serial_rivers_micro_c, chequers_serial_rivers_small_b,
          chequers_serial_rivers_room_b, hell_entry, serial_bayou_shore_b,
          uniq_enchantress, uniq_mennas
Hell
Dis:1:    layout_subdivisions
Dis:2:    layout_regular_city
Dis:4:    layout_jigsaw
Dis:5:    layout_gridville, nicolae_hells_fiendish_ambush
Dis:6:    layout_gridville
Dis:7:    iron_city_of_dis [dis_old, dis_wall_6], layout_gridville,
          minmay_strange_pillars, nicolae_dis_metal_lava_thing
Geh:1:    layout_gehenna_lava_caves
Geh:2:    layout_gehenna_pools_box, evilmike_ambush
          [evilmike_ambush_outer_pillars, evilmike_ambush_inner_basic]
Geh:3:    layout_gehenna_pools_box
Geh:4:    layout_gehenna_pools_triple
Geh:5:    layout_gehenna_pools_basic
Geh:6:    layout_gehenna_pools_box
Geh:7:    geh_mu
Coc:1:    layout_ice_bergs, nicolae_hells_seeping_fissure
Coc:2:    layout_cocytus_delve
Coc:3:    layout_cocytus_delve
Coc:4:    layout_cocytus_water_paths
Coc:5:    layout_ice_bergs
Coc:6:    layout_cocytus_water_paths
Coc:7:    coc_old
Tar:1:    layout_cathedral_of_symmetry, nicolae_tar_cuneiform_city
Tar:2:    layout_catacombs
Tar:3:    layout_grid_maze
Tar:4:    layout_cathedral_of_symmetry
Tar:5:    layout_catacombs, nicolae_tar_cuneiform_bread
Tar:6:    layout_cathedral_of_symmetry
Tar:7:    tar_mu [tar_mu_maze]
Zot:1:    layout_onion, grunt_ministairs_11, uniq_parghit
Zot:2:    layout_basic, lemuel_golem_globe
Zot:3:    gammafunk_mikee_crab_dinner, layout_basic,
          ebering_ghost_reflecting_pool
Zot:4:    cheibrodos_zot_enchanting_chambers, layout_gridlike,
          grunt_ministairs_7
Zot:5:    layout_basic

Skill      XL: |  1  2  3  4  5  6  7  8  9 10 11 12 13 14 15 16 17 18 19 20 21 22 23 24 25 26 27 |
---------------+----------------------------------------------------------------------------------+-----
Poison Magic   | 5 8 9 10 | 10.0
Hexes          | 1 2 3 4 7 8 |  8.0
Stealth        | 4 5 7 12 | 12.0
Spellcasting   | 3 4 5 6 8 |  8.0
Shields        | 1 3 5 8 9 12 14 27 | 27.0
Fighting       | 1 2 4 6 9 10 13 14 18 20 22 27 | 27.0
Conjurations   | 1 2 |  2.0
Air Magic      | 1 2 3 |  3.0
Invocations    | 2 4 6 7 8 9 13 14 18 19 20 21 24 25 26 27 | 27.0
Short Blades   | 4 |  4.0
Evocations     | 1 4 5 8 |  8.0
Maces & Flails | 5 6 10 14 18 19 20 27 | 27.0
Armour         | 6 8 10 25 | 25.9
Dodging        | 6 8 11 12 | 12.0
Translocations | 15 | 15.0
Transmutations | |  1.0

Action                   |  1- 3 |  4- 6 |  7- 9 | 10-12 | 13-15 | 16-18 | 19-21 | 22-24 | 25-27 || total
-------------------------+-------+-------+-------+-------+-------+-------+-------+-------+-------++-------
Melee: Unarmed           |     3 |       |       |       |       |       |       |       |       ||     3
       Short sword       |     5 |       |       |       |       |       |       |       |       ||     5
       Dagger            |    22 |   105 |   156 |       |     9 |       |       |       |       ||   292
       Flail             |       |       |    47 |   296 |   887 |  1008 |   881 |       |       ||  3119
       Constrict         |       |       |       |       |   170 |   210 |   191 |   277 |  1261 ||  2109
       Great mace        |       |       |       |       |       |       |    25 |   906 |       ||   931
       Eveningstar       |       |       |       |       |       |       |       |   362 |  7774 ||  8136
Throw: Dart              |       |       |     7 |       |       |       |       |       |       ||     7
 Cast: Sting             |    63 |    94 |    56 |    97 |    73 |    12 |     9 |       |     6 ||   410
       Poisonous Vapours |     3 |     6 |    13 |    13 |    25 |    33 |    15 |     2 |       ||   110
       Confusing Touch   |       |     4 |     6 |    13 |     7 |     2 |       |       |       ||    32
       Mephitic Cloud    |       |     3 |    13 |    40 |    45 |    17 |    23 |     6 |       ||   147
       Olgreb's Toxic Ra |       |       |    11 |    63 |    50 |    57 |    22 |    11 |     1 ||   215
       Manifold Assault  |       |       |       |       |       |       |       |       |    35 ||    35
       Lesser Beckoning  |       |       |       |       |       |       |       |       |    16 ||    16
       Passage of Golubr |       |       |       |       |       |       |       |       |     1 ||     1
       Momentum Strike   |       |       |       |       |       |       |       |       |     1 ||     1
Invok: Divine Shield     |       |       |       |     2 |     3 |     2 |     4 |    10 |    26 ||    47
       Cleansing Flame   |       |       |       |       |     4 |       |     9 |     9 |   217 ||   239
       Summon Divine War |       |       |       |       |     3 |    16 |    10 |     7 |    36 ||    72
       Brand Weapon With |       |       |       |       |       |       |       |     1 |       ||     1
 Abil: Spit Poison       |     6 |     8 |    16 |     9 |     8 |       |     1 |       |       ||    48
       Breathe Poison Ga |       |       |       |       |       |       |       |       |     1 ||     1
Evoke: Wand              |       |       |     7 |    14 |    17 |    15 |       |    12 |    10 ||    75
       Lightning rod     |       |       |       |       |       |     3 |     1 |       |       ||     4
       Phial of floods   |       |       |       |       |       |     1 |       |       |     2 ||     3
       Condenser vane    |       |       |       |       |       |       |     1 |       |     6 ||     7
       Box of beasts     |       |       |       |       |       |       |       |       |     2 ||     2
       Tin of tremorston |       |       |       |       |       |       |       |       |     2 ||     2
       Phantom mirror    |       |       |       |       |       |       |       |       |     1 ||     1
  Use: Scroll            |     2 |       |     5 |    13 |    12 |     7 |    11 |     9 |    67 ||   126
       Potion            |       |       |       |     1 |     9 |     3 |     5 |     4 |    93 ||   115
 Stab: Confused          |       |     3 |       |       |       |       |       |       |       ||     3
       Sleeping          |       |     1 |       |       |       |       |       |       |       ||     1
Armor: Robe              |     4 |    41 |    57 |    27 |       |       |       |       |       ||   129
       Troll leather arm |       |       |       |    38 |   391 |   179 |       |       |       ||   608
       Leather armour    |       |       |       |       |    39 |       |       |       |       ||    39
       Scale mail        |       |       |       |       |       |   607 |       |       |       ||   607
       Ring mail         |       |       |       |       |       |    17 |   496 |   857 |   200 ||  1570
       Gold dragon scale |       |       |       |       |       |       |       |       |  4947 ||  4947
       Skin              |       |       |       |       |       |       |       |       |   371 ||   371
Dodge: Dodged            |    23 |    60 |    73 |    92 |   246 |   422 |   430 |   530 |   681 ||  2557
Block: Buckler           |       |    13 |    42 |   100 |   266 |   392 |   281 |       |       ||  1094
       Other             |       |       |       |       |       |       |     7 |    67 |       ||    74
       Tower shield      |       |       |       |       |       |       |       |   361 |  9297 ||  9658

Table legend: (Time is in decaauts)
 A = Elapsed time spent in this place.
 B = Non-inter-level travel time spent in this place.
 C = Inter-level travel time spent in this place.
 D = Time resting spent in this place.
 E = Time spent auto-exploring this place.
 F = Levels seen in this place.
 G = Mean time per level.
                   A        B        C        D        E       F      G
               +--------+--------+--------+--------+--------+-----+--------+
         Total | 132663 | 119777 |  12886 |  15884 |  75924 | 107 | 1239.8 |
       Dungeon |  24729 |  20652 |   4077 |   1798 |  15204 |  15 | 1648.6 |
        Temple |    230 |    215 |     15 |      0 |    198 |   1 |  230.0 |
          Lair |   6515 |   5569 |    946 |     84 |   4540 |   5 | 1303.0 |
         Swamp |   4424 |   4292 |    132 |    269 |   2871 |   4 | 1106.0 |
   Spider Nest |   6019 |   5733 |    286 |    621 |   3285 |   4 | 1504.8 |
    Slime Pits |   5276 |   5017 |    259 |    886 |   3142 |   5 | 1055.2 |
  Orcish Mines |   3050 |   2129 |    921 |    167 |   1069 |   2 | 1525.0 |
   Elven Halls |   6339 |   5523 |    816 |    904 |   3583 |   3 | 2113.0 |
        Vaults |  11002 |   9943 |   1059 |    382 |   7672 |   5 | 2200.4 |
         Crypt |   3609 |   3186 |    423 |      0 |   2284 |   3 | 1203.0 |
          Tomb |   4767 |   4018 |    749 |   1215 |   1803 |   3 | 1589.0 |
        Depths |  15876 |  13971 |   1905 |   2815 |   9288 |   4 | 3969.0 |
          Hell |   1382 |   1146 |    236 |    506 |    343 |   1 | 1382.0 |
           Dis |   4441 |   4301 |    140 |   1021 |   2214 |   6 |  740.2 |
       Gehenna |   3772 |   3619 |    153 |    239 |   2031 |   7 |  538.9 |
       Cocytus |   3836 |   3696 |    140 |    969 |   1945 |   7 |  548.0 |
      Tartarus |   3124 |   2841 |    283 |    522 |    991 |   7 |  446.3 |
           Zot |   9260 |   8921 |    339 |   1731 |   5746 |   5 | 1852.0 |
         Abyss |   1751 |   1751 |      0 |    300 |    209 |   6 |  291.8 |
   Pandemonium |  11356 |  11356 |      0 |   1233 |   6718 |  11 | 1032.4 |
      Ice Cave |   1257 |   1257 |      0 |    214 |    572 |   1 | 1257.0 |
        Wizlab |    417 |    417 |      0 |      0 |    208 |   1 |  417.0 |
      Gauntlet |    221 |    221 |      0 |      0 |      0 |   1 |  221.0 |
               +--------+--------+--------+--------+--------+-----+--------+

Top non-repeatable levels by time:
Depths:3: 5884 daAuts
Depths:4: 4702 daAuts
   Zot:4: 3855 daAuts
  Tomb:1: 3342 daAuts
   Elf:3: 3264 daAuts
Depths:1: 2971 daAuts
   Coc:7: 2926 daAuts
Vaults:2: 2920 daAuts
   Dis:7: 2843 daAuts
    D:11: 2788 daAuts
Depths:2: 2318 daAuts
   Orc:2: 2263 daAuts
Vaults:3: 2252 daAuts
   Zot:2: 2228 daAuts
    D:12: 2201 daAuts
